Cogmind - Beta 17 @@@ ROGUE MODE // 2026.07.16 @ 02:31:57 Player: cptwinky Result: Destroyed by G-73 Enforcer with Phase Gun Performance ------------- Evolutions (9) 4500 Regions Visited (38) 7600 Robots Destroyed (821) 4105 Value Destroyed (40530) 40530 Prototype IDs (78) 1560 Alien Tech Used (3) 600 Bonus (24796) 24796 TOTAL SCORE: 83691 Bonus ------- Triggered High Security 1500 High Alert Combat Kills 13370 Follower Combat Kills 2875 Entered Garrisons 1000 Met Imprinter 300 Acquired ECA 300 Met Zhirov 300 Met Warlord at Base 500 MAIN.C Attacked Warlord 500 Warlord Defense Kills 228 Met Warlord at Research 2000 Invited to Help at Command 2000 Scanned by Researcher 500 Friendly Fire -577 Cogmind --------- Core Integrity 0/1600 Matter 300/300 Energy 98/100 System Corruption 19% Temperature Cool (9) Movement Core (50) Location -1/Command Parts ------- > --- POWER (3) -------- (None) > --- PROPULSION (6) --- (None) > --- UTILITY (11) ----- (None) > --- WEAPON (6) ------- (None) > --- INVENTORY (5) ---- Improved Heavy Treads Compact Wheel Hypervelocity Railgun Micro-nuke Launcher Peak State ------------ > --- POWER ------------ Heavy Antimatter Reactor Particle Reactor Particle Reactor > --- PROPULSION ------- Heavy Siege Treads Biometal Heavy Treads Advanced Heavy Siege Treads > --- UTILITY ---------- Experimental Cooling System Huge Storage Unit Experimental Signal Interpreter Experimental Targeting Computer Experimental Core Analyzer SHELL Armor Advanced Force Field System Mapper System Mapper > --- WEAPON ----------- Enhanced Nova Cannon Hypervelocity Multirail Heavy Hardcell Cannon Sigix Broadsword > --- INVENTORY -------- Particle Reactor Improved Heavy Treads Experimental Matter Compressor Advanced Sensor Array Advanced Kinecellerator Advanced Weapon Cycler Graphene Brace Advanced Force Field Advanced Point Defense System Long-range Tractor Beam Subatomic Replicator D4-RBY's Behemoth Befriender Compact HERF Cannon BFG-9k Vortex Edition Micro-nuke Launcher Advanced Remote Datajack Improved Plasma Cutter [Rating: 251] Favorites ----------- Power Reinforced Fission Core Engine Reinforced Deuterium Engine Power Core Reinforced Fission Core Reactor Vortex Chain Reactor Propulsion Light Treads Treads Light Treads Leg Advanced Myomer Leg Wheel Armored Huge Wheel Flight Unit Improved Surge Thruster Utility Huge Storage Unit Device Advanced Sensor Array Storage Huge Storage Unit Processor Experimental Targeting Computer Hackware Improved Hacking Suite Protection Improved Light Armor Plating Weapon Gauss Rifle Energy Gun Dispersion Rifle Energy Cannon Advanced Beam Cannon Ballistic Gun Gauss Rifle Ballistic Cannon Improved Light Cannon Launcher Long-range Missile Launcher Special Weapon Improved Remote Datajack Impact Weapon Shock Maul Slashing Weapon Sigix Broadsword Special Melee Weapon Improved Datajack Build | -11 -10 -10 -9 -9 -9 -8 -8 -8 -8 -8 -7 -7 -7 -6 -6 -6 -6 -6 -5 -5 -5 -5 -5 -5 -5 -4 -4 -4 -4 -4 -3 -3 -3 -2 -2 -2 -1 -1 ------- Run | Yrd Mat Min Mat Min Exi Min Mat Gar Mat Gar Fac Gar Fac Fac Was Fac Low Zio Pro Fac Gar Fac Upp Upp Zhi Pro Fac Upp Upp War Pro Res Qua Res Tes Gar Acc Com Slots Evolved 18 | . . . 2 . . . 2 . . . 2 . . 2 . . . . . 2 . . . . . . 2 . . . . 2 . 2 . . 2 . Power 2 | . . . . . . . . . . . . . . . . . . . . 1 . . . . . . . . . . . . . 1 . . . . Propulsion 4 | . . . 1 . . . . . . . 1 . . . . . . . . 1 . . . . . . 1 . . . . . . . . . . . Utility 9 | . . . 1 . . . 1 . . . . . . 2 . . . . . . . . . . . . 1 . . . . 2 . 1 . . 1 . Weapon 3 | . . . . . . . 1 . . . 1 . . . . . . . . . . . . . . . . . . . . . . . . . 1 . Parts Attached 452 | 7 6 . 23 2 1 1 18 11 15 6 10 17 24 32 . 63 3 4 4 22 16 12 1 3 7 3 30 4 2 13 5 4 11 13 12 5 13 29 Power 43 | 1 1 . 5 . . . . 1 2 . . 2 1 3 . 4 . . . 3 . 1 . 1 1 . 3 . . 1 . . . 1 2 2 3 5 Engine 23 | 1 1 . 5 . . . . 1 1 . . 2 1 3 . 3 . . . 2 . 1 . 1 . . . . . . . . . . . . . 1 Core 5 | . . . . . . . . . 1 . . . . . . 1 . . . 1 . . . . . . 2 . . . . . . . . . . . Reactor 15 | . . . . . . . . . . . . . . . . . . . . . . . . . 1 . 1 . . 1 . . . 1 2 2 3 4 Propulsion 128 | 2 . . 8 . . 1 6 6 9 2 3 7 8 9 . 15 1 . 1 5 5 3 . . 2 1 8 . . 4 2 . 4 5 1 . 3 7 Treads 99 | 2 . . 8 . . . 5 6 9 2 3 7 8 9 . 5 . . 1 5 3 1 . . . 1 5 . . 4 2 . 4 5 1 . 1 2 Leg 2 | . . . . . . . . . . . . . . . . . . . . . . . . . 2 . . . . . . . . . . . . . Wheel 26 | . . . . . . 1 1 . . . . . . . . 10 1 . . . 1 2 . . . . 3 . . . . . . . . . 2 5 Hover . | . . . . . . . . . . . . . . . . . . . . . . . . . . . . . . . . . . . . . . . Flight 1 | . . . . . . . . . . . . . . . . . . . . . 1 . . . . . . . . . . . . . . . . . Utility 141 | 2 3 . 5 1 . . 3 1 3 . 2 2 10 10 . 23 1 3 1 6 7 6 1 1 3 1 7 2 1 6 1 4 4 3 5 2 1 10 Device 68 | 1 . . . 1 . . 2 . 2 . . 1 4 6 . 11 . 1 1 5 2 3 1 . . 1 2 1 1 4 1 1 2 1 3 2 . 8 Storage 13 | 1 2 . 1 . . . . . . . . . 2 . . 1 . . . . 2 . . 1 1 . . . . . . 1 1 . . . . . Processor 24 | . . . 1 . . . . . . . 2 . 2 3 . 5 . . . . 2 3 . . . . 1 . . . . 2 1 1 . . . 1 Hackware 11 | . . . . . . . 1 1 . . . . . . . 2 . 1 . 1 . . . . . . . . . 2 . . . . 1 . 1 1 Protection 25 | . 1 . 3 . . . . . 1 . . 1 2 1 . 4 1 1 . . 1 . . . 2 . 4 1 . . . . . 1 1 . . . Artifact . | . . . . . . . . . . . . . . . . . . . . . . . . . . . . . . . . . . . . . . . Weapon 140 | 2 2 . 5 1 1 . 9 3 1 4 5 6 5 10 . 21 1 1 2 8 4 2 . 1 1 1 12 2 1 2 2 . 3 4 4 1 6 7 Energy Gun 7 | 1 . . . . . . . . . 1 . 1 1 1 . . . . 1 . . . . . . . . . . . . . . 1 . . . . Energy Cannon 11 | . . . 4 . . . . . . . . . 1 2 . . . . . . . . . . . . 1 1 . . . . . . 1 . 1 . Ballistic Gun 83 | 1 2 . . . . . 4 2 1 2 4 3 . 3 . 18 1 1 . 8 4 2 . . . . 11 1 1 . 1 . . . 2 . 5 6 Ballistic Cannon 15 | . . . . . . . 4 . . . . 2 1 . . 1 . . 1 . . . . . . 1 . . . . . . . 3 . 1 . 1 Launcher 9 | . . . . 1 . . . . . 1 . . 1 1 . 2 . . . . . . . . . . . . . . 1 . 1 . 1 . . . Special Weapon 6 | . . . . . 1 . . 1 . . . . . . . . . . . . . . . . 1 . . . . 2 . . 1 . . . . . Impact Weapon 5 | . . . . . . . 1 . . . . . 1 3 . . . . . . . . . . . . . . . . . . . . . . . . Slashing Weapon 2 | . . . . . . . . . . . . . . . . . . . . . . . . 1 . . . . . . . . 1 . . . . . Piercing Weapon . | . . . . . . . . . . . . . . . . . . . . . . . . . . . . . . . . . . . . . . . Special Melee Weapon 2 | . . . 1 . . . . . . . 1 . . . . . . . . . . . . . . . . . . . . . . . . . . . Unidentified Prototypes 30 | . . . 3 . . . . . . . . . 1 3 . 1 1 1 1 1 . . . . 5 . . . . 5 . . 2 2 4 . . . Corrupted Parts 1 | . . . . . . . . . . . . . . . . . . . . . . . . . . . . . . . 1 . . . . . . . System Corruption 8 | . . . . . . . . . . . . . . . . . . . . . . . . . . . . . . . 8 . . . . . . . Parts Lost 119 | . 1 . 1 1 . 1 1 4 2 1 6 6 12 16 4 13 . . 1 4 9 . . . . . 8 1 . . . . 3 . . . 13 11 Power 17 | . 1 . 1 . . . . 1 . 1 . 1 2 . . 1 . . . . . . . . . . 1 . . . . . . . . . 4 4 Propulsion 37 | . . . . 1 . 1 . . . . 2 2 3 7 1 9 . . 1 . 3 . . . . . 2 . . . . . . . . . 3 2 Utility 35 | . . . . . . . 1 1 2 . 2 1 4 4 2 2 . . . 3 1 . . . . . 1 . . . . . 2 . . . 4 5 Weapon 30 | . . . . . . . . 2 . . 2 2 3 5 1 1 . . . 1 5 . . . . . 4 1 . . . . 1 . . . 2 . Highest Loss Streak 11 | . 1 . 1 1 . 1 1 1 1 1 5 1 3 6 3 3 . . 1 1 4 . . . . . 3 1 . . . . 2 . . . 11 4 To Critical Strikes 5 | . . . . 1 . . . . . 1 . . . . . . . . . . 1 . . . . . . . . . . . . . . . 2 . Average Backups 21 | 3 8 11 14 18 20 22 24 24 24 24 24 24 23 21 21 23 22 23 23 22 23 23 24 23 23 24 23 23 24 22 20 19 18 18 17 18 17 17 Power 1 | . . 1 . 1 3 4 3 2 2 . 1 3 2 2 3 1 1 1 1 . 1 . . . . . . . . . . . . . . . . . Propulsion 2 | 1 3 3 1 . . . 3 4 4 5 4 5 4 3 . 1 1 3 2 1 . 1 1 1 1 1 1 2 2 1 1 1 1 1 1 1 . 1 Utility 9 | . 1 3 4 6 6 6 7 8 9 9 10 9 9 10 11 10 9 10 10 10 10 13 14 13 13 13 12 13 13 12 12 10 9 7 7 8 8 4 Weapon 6 | . 3 4 5 9 9 9 8 7 7 7 6 4 4 3 5 8 7 6 6 7 8 6 6 6 5 6 5 4 5 5 4 4 3 5 6 5 5 8 Tool/Special . | . . . . . . . . . . . . . . . . . . . . . . . . . . . . . . . . . . . . . . . Unused Backups 70 | . 3 . 10 . . . 4 1 2 1 . 4 1 5 . 7 2 . . 3 1 . . . 1 . 1 . . 1 . 2 4 3 2 1 . 11 Power 8 | . . . 1 . . . 2 . . 1 . 1 1 . . . . . . . 1 . . . . . . . . . . 1 . . . . . . Propulsion 8 | . 1 . 2 . . . 1 . . . . . . . . 1 1 . . . . . . . . . . . . . . . . . . . . 2 Utility 33 | . . . 2 . . . . . 2 . . 2 . 4 . 4 1 . . 2 . . . . 1 . 1 . . 1 . 1 4 3 1 1 . 3 Weapon 19 | . 2 . 5 . . . 1 1 . . . 1 . 1 . 2 . . . 1 . . . . . . . . . . . . . . . . . 5 Tool/Special 2 | . . . . . . . . . . . . . . . . . . . . . . . . . . . . . . . . . . . 1 . . 1 Average Slot Usage (%) 91 | . 99 100 99 100 100 100 99 100 99 99 99 98 83 89 80 93 92 91 93 93 91 93 94 93 67 94 88 94 95 96 94 89 79 77 67 70 62 83 Engine 5 | . 14 14 10 11 11 11 8 9 7 9 7 7 6 6 6 5 6 6 6 10 5 5 5 5 3 . . . . . . . . . . . . 1 Core 1 | . . . . . . . . . 1 . . . . . . . . . . . 5 5 5 5 5 5 5 10 10 5 . . . . . . . . Reactor 1 | . . . . . . . . . . . . . . . . . . . . . . . . . 2 5 3 . . 2 5 4 4 8 8 12 8 8 Treads 20 | . 28 28 33 33 33 29 26 27 26 27 30 29 29 25 20 14 12 12 12 16 13 11 11 11 6 . 8 15 15 27 29 22 15 12 12 12 8 5 Wheel 3 | . . . . . . 3 . . . . . . . . . 7 6 6 6 4 4 10 11 11 11 10 8 10 10 1 . . . . . . 2 13 Device 7 | . 1 . . . . . 7 9 9 9 6 7 4 14 9 5 5 2 4 5 8 6 10 10 9 9 8 5 5 7 9 12 14 16 12 8 4 14 Storage 6 | . 14 14 11 11 11 11 9 9 9 9 7 7 7 6 6 6 6 6 6 4 5 5 5 5 5 5 5 5 5 5 5 4 4 4 4 4 3 2 Processor 10 | . . . 10 11 11 11 4 . . . 1 7 9 11 13 16 25 25 24 11 7 11 11 11 11 11 10 10 10 10 10 13 13 12 12 12 11 8 Hackware 3 | . . . . . . . 5 9 9 9 5 . . . . 2 . . . 4 5 5 5 5 5 5 5 5 5 5 5 4 4 4 . 4 4 1 Protection 6 | . 11 14 11 10 11 11 8 9 9 9 6 7 6 5 . 5 . 3 2 4 4 3 . . . 1 6 10 10 7 5 4 1 2 3 4 2 2 Energy Cannon 2 | . . . 20 21 6 21 . . . . . . . 5 . . . . . . . . . . . . . . . 3 1 . 2 . 3 3 1 . Ballistic Gun 16 | . 17 28 1 . . . 4 26 26 24 28 26 . 6 3 23 27 23 29 26 26 26 26 25 3 25 24 24 24 17 20 18 11 4 . . 5 14 Ballistic Cannon 1 | . . . . . . . 21 . . . . . 13 . . . . . . . . . . . . . . . . . . . . 2 4 4 1 . Peak Build Rating 251 | 7 8 8 21 21 22 22 33 32 35 36 44 50 48 80 80 83 81 83 82 90 92 93 91 91 104 107 120 112 113 133 138 154 188 221 238 233 251 194 Average Rating 85 | 5 7 8 18 20 19 21 26 30 32 35 42 47 43 56 71 64 78 77 80 84 87 87 90 89 69 105 111 109 111 117 131 151 174 201 232 231 203 184 On Entrance 83 | . 7 8 8 21 21 22 22 30 32 34 36 43 44 28 80 67 69 81 81 77 87 90 91 91 89 103 107 109 111 111 133 138 152 180 218 232 232 171 Avg Prop Armor Cover (%) 10 | . . . . . . 16 16 . . . . . 5 . . 11 11 11 10 12 10 9 9 9 14 5 10 11 11 12 . . . . . . 4 4 Naked Turns 26 | . . . . . . . . . . . . . . . . . . . . . . . . . . . . . . . . . . . . . . 26 Heaviest Build 230 | 14 32 32 99 99 99 99 107 104 106 108 112 123 131 127 124 132 123 129 130 143 148 148 148 144 148 150 157 155 155 164 164 156 160 184 223 223 230 204 Greatest Support 230 | 40 40 40 60 60 60 60 60 60 60 60 82 82 86 125 125 119 28 28 28 28 53 44 44 44 44 44 54 44 44 157 181 181 215 230 230 225 230 64 Greatest Overweight (x) 14 | . . . 1 1 1 9 6 1 1 1 1 1 1 2 . 12 4 4 4 5 5 5 3 3 3 5 5 3 3 3 1 . . . . . 14 9 Average Overweight (x) 1 | . . . . 1 1 3 1 1 1 1 1 1 1 . . 4 4 3 4 4 4 3 3 3 2 3 3 3 3 . . . . . . . 2 2 Largest Inventory Capacity 25 | 8 15 15 25 25 25 25 25 25 25 25 25 25 25 25 25 25 25 25 25 25 25 25 25 25 25 25 25 25 25 25 25 25 25 25 25 25 25 25 Average Capacity 24 | 7 10 15 16 25 25 25 25 25 25 25 25 25 25 25 25 25 25 25 25 24 25 25 25 25 25 25 25 25 25 25 25 25 25 25 25 25 25 24 Most Carried 25 | 6 11 13 20 20 22 25 25 25 25 25 25 25 25 25 22 25 25 25 25 25 25 25 25 25 25 25 25 25 25 25 25 25 25 25 25 25 25 25 Average Carried 23 | 3 8 11 15 19 21 22 24 24 24 24 24 24 23 22 21 24 23 24 24 23 24 24 25 24 24 25 24 23 25 24 25 24 24 24 24 24 23 23 Final Capacity 25 | 8 15 15 25 25 25 25 25 25 25 25 25 25 25 25 25 25 25 25 25 25 25 25 25 25 25 25 25 25 25 25 25 25 25 25 25 25 25 5 Final Carried 25 | 6 11 13 20 19 21 25 25 24 25 24 25 25 23 22 21 25 25 25 23 25 23 25 25 25 25 25 24 25 25 25 25 24 25 25 25 25 23 5 Class Distribution -------------------- 26% | Scavenger-Tank 20% | Scavenger-Gunner 15% | Mutant 7% | Tank 6% | Scavenger-Skirmisher 5% | Gunner 4% | Hacker-Tank 3% | Scientist-Tank 3% | Skirmisher Dominant Class ---------------- Mutant | -10/Materials Mutant | -10/Mines Mutant | -9/Materials Mutant | -9/Mines Scavenger-Mutant | -9/Exiles Mutant | -8/Mines Scavenger-Tank | -8/Materials Scavenger-Tank | -8/Garrison Scavenger-Tank | -8/Materials Scavenger-Tank | -8/Garrison Scavenger-Tank | -7/Factory Scavenger-Tank | -7/Garrison Scavenger-Tank | -7/Factory Mutant | -6/Factory Mutant | -6/Waste Scavenger-Gunner | -6/Factory Skirmisher | -6/Lower Caves Gunner | -6/Zion Gunner | -5/Proximity Caves Scavenger-Gunner | -5/Factory Scavenger-Gunner | -5/Garrison Scavenger-Gunner | -5/Factory Scavenger-Skirmisher | -5/Upper Caves Scavenger-Skirmisher | -5/Upper Caves Mutant | -5/Zhirov Scavenger-Skirmisher | -4/Proximity Caves Scavenger-Tank | -4/Factory Scavenger-Tank | -4/Upper Caves Scavenger-Tank | -4/Upper Caves Scavenger-Tank | -4/Warlord Commander-Skirmisher | -3/Proximity Caves Commander-Tank | -3/Research Scientist-Tank | -3/Quarantine Tank | -2/Research Tank | -2/Testing Hacker-Tank | -2/Garrison Hacker-Tank | -1/Access Scavenger-Gunner | -1/Command Resources | -11 -10 -10 -9 -9 -9 -8 -8 -8 -8 -8 -7 -7 -7 -6 -6 -6 -6 -6 -5 -5 -5 -5 -5 -5 -5 -4 -4 -4 -4 -4 -3 -3 -3 -2 -2 -2 -1 -1 ----------- Run | Yrd Mat Min Mat Min Exi Min Mat Gar Mat Gar Fac Gar Fac Fac Was Fac Low Zio Pro Fac Gar Fac Upp Upp Zhi Pro Fac Upp Upp War Pro Res Qua Res Tes Gar Acc Com Matter Collected 30963 | 251 159 96 622 122 50 134 665 1073 766 719 579 1868 1580 963 469 3670 697 60 728 1625 2166 466 259 242 . 328 2270 247 333 492 588 206 1197 476 1210 863 879 1845 Remotely 2227 | . . . . . . . . . . . . . . . . 330 30 . . 64 261 . . . . . 523 . . . . . . . 141 118 293 467 Salvage Created 37293 | 57 233 78 1375 102 . 193 894 1678 1292 881 800 1534 1967 1532 1319 3861 533 14 342 2019 1768 442 93 117 . 216 2603 68 135 103 669 184 1465 114 1464 1788 1897 3463 Parts 1778 | 9 16 10 86 16 . 11 44 99 67 51 25 80 100 80 2 191 29 . 23 98 88 13 2 7 . 6 131 12 12 3 30 4 57 2 85 66 80 143 Haulers Intercepted 27 | . 1 . 3 . . . 5 . 5 . . . 3 1 . 4 . . . 1 . 1 . . . . 2 . . . . . . 1 . . . . Recyclers Shooed 21 | . 1 . . . . . 2 . 1 . . . 2 7 . 4 . . . 2 . . . . . . 1 . . . . . . . . . . 1 Parts Field Recycled . | . . . . . . . . . . . . . . . . . . . . . . . . . . . . . . . . . . . . . . . Retrieved Matter . | . . . . . . . . . . . . . . . . . . . . . . . . . . . . . . . . . . . . . . . Parts Self-Destructed 112 | . . . . . . . . . . . . . . . . . 19 . 21 . . . 5 5 . 6 . 12 10 . 34 . . . . . . . Prevented 6 | . . . . . . . . . . . . . . . . . . . . . . . 1 . . . . . 5 . . . . . . . . . Parts Restored . | . . . . . . . . . . . . . . . . . . . . . . . . . . . . . . . . . . . . . . . Kills | -11 -10 -10 -9 -9 -9 -8 -8 -8 -8 -8 -7 -7 -7 -6 -6 -6 -6 -6 -5 -5 -5 -5 -5 -5 -5 -4 -4 -4 -4 -4 -3 -3 -3 -2 -2 -2 -1 -1 ------- Run | Yrd Mat Min Mat Min Exi Min Mat Gar Mat Gar Fac Gar Fac Fac Was Fac Low Zio Pro Fac Gar Fac Upp Upp Zhi Pro Fac Upp Upp War Pro Res Qua Res Tes Gar Acc Com Combat Hostiles Destroyed 653 | . 8 6 25 9 . 6 15 41 18 19 16 35 43 25 6 48 13 . 13 29 46 . 2 1 . 3 33 9 15 2 10 2 23 . 21 37 30 44 Melee 11 | . . . . . . . . . 1 . 1 1 2 2 . . . . . . . . . . . . . . . . . . 3 . . . . 1 Guns 328 | . 8 6 . . . . 2 31 16 16 15 28 2 7 . 43 7 . 3 22 21 . 2 1 . 3 28 1 2 2 5 . 13 . 1 . 10 33 Cannons 128 | . . . 25 2 . . 11 . . . . . 35 7 . . . . . . . . . . . . . . . . 1 . 3 . 16 19 9 . AOE 172 | . . . . 7 . 6 2 10 . 3 . 6 3 6 6 4 6 . 10 7 25 . . . . . 5 8 13 . 4 2 3 . 2 17 7 10 Classes Destroyed 28 | 1 3 1 7 . . . . 1 1 . 1 1 2 . 1 1 2 1 1 . . . . . . . . . . . 1 . . . 2 1 . . Worker 45 | . . . 1 . . 2 1 . 2 . 1 . 3 3 . 13 . . . 2 . 2 . . . . 8 . . . . . . . 2 . 1 4 Builder 31 | . . . . . . . . . . . 1 . 5 . . 7 . . . 2 . . . . . . 6 . . . . . . . 3 . 7 . Tunneler 6 | 3 . . . . . . . . . . . . . . . . . . . 2 . . . . . . 1 . . . . . . . . . . . Hauler 27 | . 1 . 3 . . . 5 . 5 . . . 3 1 . 4 . . . 1 . 1 . . . . 2 . . . . . . 1 . . . . Recycler 25 | . . . 2 . . 2 1 . 2 . . . 3 1 . 3 . . . 2 . 2 . . . . 1 . . . . 1 . . 2 . . 3 Mechanic 7 | . . . . . . . . . . . . . 1 . . 2 . . . . . . . . . . . . . . . . . . 1 . . 3 Operator 13 | . . . 3 . . . 2 . . . . . . 1 . 2 . . . . . . . . . . 1 . . . . . 1 . 1 . . 2 Watcher 8 | . . . 1 . . . 1 . . . . . 1 . . 3 . . . . . . . . . . . . . . . . 2 . . . . . Swarmer 184 | . 6 5 6 7 . 6 . 8 2 3 4 9 5 . . 8 4 . 10 5 26 . . . . . 5 9 15 . 4 2 . . 6 9 9 11 Cutter 9 | . . . . . . . . . . . . 2 . . . . . . . . 4 . . . . . . . . . . . . . . 3 . . Grunt 199 | . 2 . 9 2 . . 5 22 4 1 7 11 20 10 . 19 6 . . 10 9 . 1 . . 3 13 . . 1 3 . 12 . 3 14 1 11 Brawler 22 | . . . 1 . . . 1 1 . . 3 . 4 1 . 2 1 . . 2 . . . . . . 1 . . . 1 . 1 . . . . 3 Duelist 16 | . . . 1 . . . . 1 1 . 1 . 2 3 . 1 . . . . 2 . . . . . 1 . . . 1 . . . . . . 2 Protector 3 | . . . . . . . . . . . . . 1 . . . . . . . . . . . . . . . . 1 . . . . . . . 1 Researcher 2 | . . . . . . . . . . . . . . . . . 1 . . . . . . . . . . . . . . . . . 1 . . . Sentry 83 | . . . 8 . . . 9 8 8 7 . 7 7 4 . 6 . . 1 4 3 . . . . . 3 . . . 1 . . . . 5 . 2 Demolisher 1 | . . . . . . . . . . . . . . . . . . . 1 . . . . . . . . . . . . . . . . . . . Specialist 5 | . . . . . . . . . . . . . . . . . . . . . . . . . . . . . . . . . . . . 1 4 . Hunter 64 | . . . . . . . . . 3 8 . 3 . 5 . 6 . . 1 5 2 . 1 1 . . 5 . . . . . 2 . . 1 15 6 Programmer 54 | . . . . . . . . 1 . 1 1 3 5 2 . 5 1 . . 3 . . . . . . 4 . . . . . 8 . 8 4 . 8 Heavy 3 | . . . . . . . . . . . . . . . . 1 . . . . . . . . . . 1 . . . . . . . . . 1 . Q-Series 2 | . . . . . . . . . . . . . . . . . . . . . . . . . . . . . . . . . . . 2 . . . Behemoth 1 | . . . . . . . . . . . . . . . . . . . . . . . . . . . . . . . 1 . . . . . . . Compactor 6 | . . . . . . . . . . . . . . . 6 . . . . . . . . . . . . . . . . . . . . . . . Samaritan 1 | . . . . . . . . . . . . . . . . . 1 . . . . . . . . . . . . . . . . . . . . . Tinkerer 1 | . . . . . . . . . . . . . . . . . . 1 . . . . . . . . . . . . . . . . . . . . Assembled 1 | . . 1 . . . . . . . . . . . . . . . . . . . . . . . . . . . . . . . . . . . . Thug 1 | . . . . . . . . . . . . 1 . . . . . . . . . . . . . . . . . . . . . . . . . . Savage 2 | . . . . . . . . . . . . . . . . . 1 . . . . . . 1 . . . . . . . . . . . . . . Mutant 2 | . . . . . . . . . . . . . . . . . . . . . . . . . . . . . . . . . . . 2 . . . Best Kill Streak 13 | 2 6 3 5 4 . 4 4 5 3 5 6 5 10 7 3 6 4 1 5 9 9 2 1 1 . 3 9 5 5 2 6 2 6 1 8 13 9 12 Combat Bots Only 13 | . 6 3 5 4 . 3 3 5 2 5 5 5 6 5 3 5 4 . 5 7 9 . 1 1 . 3 6 5 5 2 6 2 6 . 7 13 6 11 Max Kills in Single Turn 7 | 1 1 2 2 4 . 2 3 3 2 2 2 3 2 4 1 2 3 1 5 6 7 2 1 1 . 1 6 3 3 2 2 2 2 1 6 3 3 6 Gunslinging 1 | . . 1 . . . . . . . . 1 1 . . . . . . . 1 . . . . . . 1 . 1 . . . . . . . . 1 Exploded 7 | . . . . 4 . 2 2 3 . 2 . 3 1 2 1 2 3 . 5 5 7 . . . . . 4 3 3 . 2 2 2 . 2 3 3 6 Melee 1 | . . . . . . . . . 1 . 1 1 1 1 . . . . . . . . . . . . . . . . . . 1 . . . . 1 Uniques/NPCs Destroyed . | . . . . . . . . . . . . . . . . . . . . . . . . . . . . . . . . . . . . . . . Combat | -11 -10 -10 -9 -9 -9 -8 -8 -8 -8 -8 -7 -7 -7 -6 -6 -6 -6 -6 -5 -5 -5 -5 -5 -5 -5 -4 -4 -4 -4 -4 -3 -3 -3 -2 -2 -2 -1 -1 -------- Run | Yrd Mat Min Mat Min Exi Min Mat Gar Mat Gar Fac Gar Fac Fac Was Fac Low Zio Pro Fac Gar Fac Upp Upp Zhi Pro Fac Upp Upp War Pro Res Qua Res Tes Gar Acc Com Hostile Shots Fired 3802 | . 71 15 116 30 . 15 45 126 78 98 98 242 401 233 1 295 17 . 18 151 142 2 15 12 . 19 266 22 37 . 43 8 217 . 119 97 413 340 Missed 1102 | . 19 6 23 9 . 5 14 25 15 41 28 90 124 73 . 80 5 . 8 49 35 1 6 2 . 8 95 5 14 . 15 4 51 . 34 26 104 88 Hits 2700 | . 52 9 93 21 . 10 31 101 63 57 70 152 277 160 1 215 12 . 10 102 107 1 9 10 . 11 171 17 23 . 28 4 166 . 85 71 309 252 Melee 65 | . . . 1 . . . . . 4 . 13 1 7 14 1 . . . . . 6 . . . . . 6 . . . . . . . . 4 . 8 Projectile 2635 | . 52 9 92 21 . 10 31 101 59 57 57 151 270 146 . 215 12 . 10 102 101 1 9 10 . 11 165 17 23 . 28 4 166 . 85 67 309 244 AOE 4 | . . . . . . . . . . . . . . . . . . . 3 . . . . . . . . . . . . . . . . 1 . . Critical Strikes 118 | . . . 1 1 . . 1 5 4 2 6 4 9 6 . 9 1 . . 7 4 . . . . . 8 . . . . . 13 . 4 3 16 14 Actively Blocked 24 | . . . . . . . . . . . . . . . . . . . . . . . . . . . . . . . . . 11 . . 2 . 11 Part Disruptions 5 | . . . . . . . . . . . . 2 . . . 1 . . . . . . . . . . . . . . . . . . 2 . . . Damage Taken 44302 | . 486 66 1053 269 . 118 597 1046 719 590 1095 1536 3098 2704 566 3613 230 . 296 1813 1664 22 123 184 . 202 3743 263 348 . 456 49 2754 12 1427 1325 6246 5589 Core 3716 | . 47 6 132 . . 2 31 116 18 55 95 151 192 347 35 285 29 . 15 105 91 . . . . . 157 11 9 . 20 . 88 . 25 39 126 1489 Absorbed by Shields 6164 | . . . . . . . 34 401 206 239 204 315 517 . . 53 . . . . 238 . . . . . . 101 110 . 246 15 718 3 433 584 1349 398 Reduced by Siege Mode 716 | . . . . . . . . . . . . . . . . . . . . . . . . . . . . . . . . . 270 . 99 . 347 . Redirected to Shielding 3 | . . . . . . . . . . . . . . . . . . . . . . . . . . . . . . . . . . 3 . . . . Ignored by Resistances 183 | . . . . . . . . . 6 23 24 . . . . . . . 48 . . . . . . . . . . . 53 29 . . . . . . Regen/Repaired (Parts) 9119 | . 51 . 139 . . . 371 . 151 . . . 135 . . . . . . 521 . 202 . . . . 144 . . 298 . . 669 121 719 675 2559 2364 Core Remaining (%) 70 | 100 . 78 . . . 66 . . . 60 . . 37 . . . . . 16 . . . . . . 80 . . . . 82 . 93 . . 95 . . Volleys Fired 1599 | 4 31 11 83 15 . 8 44 92 51 65 32 97 101 76 15 150 17 2 11 61 107 9 7 6 4 9 77 9 8 21 23 1 56 6 44 69 94 83 Largest 5 | 2 2 2 2 2 . 2 3 3 3 3 4 4 3 4 1 4 4 5 5 5 5 5 5 5 1 5 5 4 4 5 5 1 4 3 2 2 4 4 Hottest 225 | 60 60 40 136 136 . 136 136 69 69 79 107 112 220 225 45 120 120 150 150 150 142 157 157 157 40 157 157 129 129 224 224 43 160 156 188 188 188 132 Shots Fired 4331 | 8 62 22 165 22 . 11 121 233 151 145 126 281 176 118 16 560 59 10 35 282 343 37 31 30 4 25 344 12 15 25 80 1 147 10 72 109 154 289 Gun 3393 | 8 62 22 20 . . . 23 227 150 141 126 273 13 59 . 556 56 10 30 278 335 37 30 30 1 22 335 4 9 4 69 . 105 6 7 1 65 279 Cannon 777 | . . . 145 18 . 6 97 . . . . 1 155 54 . 1 . . 2 . . . . . . 2 3 2 . 2 6 . 35 1 62 95 85 5 Launcher 129 | . . . . 4 . 5 1 6 1 4 . 7 8 5 16 3 3 . 3 4 8 . 1 . . . 6 6 6 . 4 1 7 . 1 10 4 5 Special 32 | . . . . . . . . . . . . . . . . . . . . . . . . . 3 1 . . . 19 1 . . 3 2 3 . . Kinetic 3657 | 4 31 22 20 . . . 114 227 150 141 126 274 146 33 . 557 56 10 32 277 335 37 30 30 . 23 335 4 9 4 68 . 105 5 30 40 98 284 Thermal 470 | 4 31 . 145 18 . 6 6 . . . . . 22 64 . . . . . . . . . . . . 3 2 . 2 6 . 35 2 35 55 34 . Explosive 129 | . . . . 4 . 5 1 6 1 4 . 7 8 5 16 3 3 . 3 4 8 . 1 . . . 6 6 6 . 4 1 7 . 1 10 4 5 Electromagnetic 43 | . . . . . . . . . . . . . . 16 . . . . . 1 . . . . 1 1 . . . . 1 . . . 4 1 18 . Robot Hit Streak 51 | 5 7 3 12 5 . 7 19 23 16 16 13 25 15 16 11 14 9 7 9 21 51 15 6 12 16 20 22 2 6 29 34 . 29 29 18 21 20 24 Robot Miss Streak 6 | . 6 2 4 4 . 4 6 3 3 4 3 5 4 4 5 6 3 . 2 3 3 1 1 2 . 1 3 2 1 . 2 . 3 1 2 3 6 3 Penetration Max 2 | . . . . . . . . . . 1 1 1 1 1 . 1 . . 1 2 1 1 1 . . 1 1 . . 1 1 . 1 . . . 2 1 Secondary Targets 69 | . 2 2 . . . . 1 3 2 1 5 6 . 1 . 7 1 . . 6 5 . . . . 2 7 . 1 . . . 3 . . . 1 13 Max Gunslinging Chain 2 | . 1 1 . . . . 1 1 1 1 1 1 . 1 . 1 1 . . 2 1 . . . . 1 1 . 1 . . . 1 . . . 1 2 Shots Hit Robots 2832 | 5 34 13 105 8 . 7 68 159 106 76 84 158 93 82 15 337 32 11 21 205 239 24 22 23 4 17 233 2 8 23 64 1 115 11 49 58 107 213 Core Hits 1605 | 3 13 8 37 10 . 10 30 86 48 41 33 77 73 82 22 171 44 2 20 94 147 11 7 6 . 9 126 8 17 4 28 4 53 1 28 61 64 127 Critical Kills 49 | 1 . . . . . . . . . . 3 4 . . . 5 . . 1 3 1 . 1 . . 1 3 . . . 1 . . . 2 1 14 8 Critical Parts Destroyed 56 | . . . . . . . 1 1 2 1 2 2 . 1 . 5 1 . . 3 4 . . 1 . 1 1 . . 1 1 . 1 . . . 14 13 Critical Strikes 131 | 1 . . . . . . 4 1 2 1 5 6 11 1 . 10 1 . 1 7 5 . 1 1 . 2 4 . . 1 2 . 2 1 5 4 31 21 Meltdown 4 | . . . . . . . . . . . . . . . . . . . . . . . . . . . . . . . . . . . 2 1 1 . Destroy 100 | 1 . . . . . . 1 1 . 1 5 6 . 1 . 10 1 . 1 7 5 . 1 1 . 2 4 . . 1 2 . 1 . . . 27 21 Blast 23 | . . . . . . . 3 . . . . . 11 . . . . . . . . . . . . . . . . . . . . . 3 3 3 . Smash 2 | . . . . . . . . . 2 . . . . . . . . . . . . . . . . . . . . . . . . . . . . . Sever 2 | . . . . . . . . . . . . . . . . . . . . . . . . . . . . . . . . . 1 1 . . . . Melee Attacks 140 | . . . . . . . 2 1 4 15 2 11 . 15 . 9 1 9 5 3 5 . . . . 1 . . . . . 3 21 6 6 . 3 18 Impact 79 | . . . . . . . 2 1 4 15 . 11 . 14 . 9 1 4 5 2 5 . . . . 1 . . . . . 3 2 . . . . . Slashing 52 | . . . . . . . . . . . . . . . . . . . . . . . . . . . . . . . . . 19 6 6 . 3 18 Piercing . | . . . . . . . . . . . . . . . . . . . . . . . . . . . . . . . . . . . . . . . Sneak Attacks 19 | . . . . . . . 1 . . . 2 . . 3 . 1 . 5 . 2 . . . . . . . . . . . 1 . 1 2 . . 1 Combat Hostiles . | . . . . . . . . . . . . . . . . . . . . . . . . . . . . . . . . . . . . . . . Follow-up Attacks 2 | . . . . . . . . . . . . . . 1 . 1 . . . . . . . . . . . . . . . . . . . . . . Damage Inflicted 95575 | 63 419 174 2307 593 . 609 1743 3195 1685 1493 1801 3717 6004 3552 3242 7926 1599 128 1392 5269 5624 584 474 318 10 465 6960 802 1665 203 2244 416 4998 438 3675 6037 5105 8646 Guns 47339 | 63 419 168 149 . . . 282 2500 1590 1204 1788 3015 199 1132 . 7218 754 128 471 4362 3329 584 465 318 10 465 5866 43 132 179 1431 . 2183 125 94 6 500 6167 Cannons 19315 | . . . 2112 163 . 122 1089 . . . . . 4793 754 . . . . . . . . . . . . . . . 24 160 . 906 . 2633 3076 3483 . Explosions 25299 | . . . . 412 . 462 151 695 . 289 . 566 878 1050 3242 497 845 . 825 794 2295 . 9 . . . 1094 759 1533 . 653 307 1318 . 539 2955 1122 2009 Melee 3143 | . . . . . . . 123 . 93 . . 98 . 553 . 203 . . 96 113 . . . . . . . . . . . 109 591 313 409 . . 442 Ramming 479 | . . 6 46 18 . 25 98 . 2 . 13 38 134 63 . 8 . . . . . . . . . . . . . . . . . . . . . 28 Kinetic 57270 | 52 260 168 149 . . . 1303 2500 1590 1204 1788 3015 4698 541 . 7218 754 128 471 4350 3329 584 465 318 . 456 5866 43 132 179 1422 . 2183 71 1567 1856 2443 6167 Thermal 8895 | 11 159 . 2112 163 . 122 68 . . . . . 434 1170 . . . . . . . . . . . . 16 . . 24 160 . 906 54 1249 1220 1027 . Explosive 24819 | . . . . 412 . 462 151 695 . 289 . 566 738 888 3242 464 845 . 825 794 2295 . 9 . . . 1078 759 1533 . 653 307 1318 . 410 2955 1122 2009 Electromagnetic 969 | . . . . . . . . . . . . . . 337 . 33 . . . 12 . . . . 10 9 . . . . 9 . . . 40 6 513 . Impact 1388 | . . . . . . . 123 . 93 . . 98 . 553 . 203 . . 96 113 . . . . . . . . . . . 109 . . . . . . Slashing 1755 | . . . . . . . . . . . . . . . . . . . . . . . . . . . . . . . . . 591 313 409 . . 442 Piercing . | . . . . . . . . . . . . . . . . . . . . . . . . . . . . . . . . . . . . . . . Highest Corruption 26 | . . . 1 1 1 1 . 3 3 4 8 10 26 3 21 22 17 17 . 2 3 3 3 3 3 3 2 2 2 2 8 . 8 . 4 5 8 19 Average Corruption 6 | . . . 1 1 1 1 . 2 3 3 6 8 15 3 14 19 16 17 . 1 2 3 3 3 3 3 1 2 2 2 8 . 6 . 2 4 7 7 Corruption Purged 26 | . . . . . . . . . . . . . . . . 12 . . . . . . . . . . . . . . . . 6 . . . . 8 Corruption Blocked . | . . . . . . . . . . . . . . . . . . . . . . . . . . . . . . . . . . . . . . . Effects 755 | . . . 4 5 5 4 . 26 24 42 8 65 107 3 5 165 51 2 . 4 31 14 14 9 2 10 18 7 12 1 . . 22 . 15 27 19 34 Message Errors 177 | . . . . . 1 . . 8 4 9 1 15 36 1 1 40 7 2 . . 4 5 3 2 1 2 1 4 3 . . . 6 . 1 6 4 10 Matter Fused 166 | . . . 2 1 3 . . 7 7 7 4 17 13 1 . 31 14 . . 1 11 5 5 2 . 3 4 . 3 . . . 7 . 4 2 5 7 Heat Flow Errors 74 | . . . . 1 . . . 3 3 4 . 8 12 1 . 14 3 . . . 3 . 1 1 . 1 1 . 1 . . . 1 . 4 5 4 3 Energy Discharges 84 | . . . 1 1 1 1 . 2 2 12 2 5 9 . . 13 7 . . . 6 1 1 1 1 1 2 . 1 . . . 2 . 3 4 2 3 Parts Rejected 13 | . . . . . . . . . 2 1 . . 5 . . 3 1 . . . . . . . . . . . . . . . 1 . . . . . Parts Fused 7 | . . . . . . . . . . . . 1 1 . . 1 1 . . . . . 1 1 . . . 1 . . . . . . . . . . Data Loss (minor) 105 | . . . 1 . . 2 . 3 3 4 . 4 15 . 2 22 13 . . 1 4 2 3 1 . 3 4 2 2 1 . . 2 . 1 5 2 3 Data Loss (major) 33 | . . . . 1 . 1 . 2 1 3 1 3 3 . . 4 1 . . . 2 1 . 1 . . 2 . . . . . 2 . 1 1 1 2 Misfires 31 | . . . . 1 . . . 1 2 . . 6 4 . 1 6 2 . . 1 . . . . . . 2 . 1 . . . 1 . . 3 . . Alerts 15 | . . . . . . . . . . 1 . 4 . . 1 3 . . . 1 1 . . . . . . . 1 . . . . . . . 1 2 Misdirections 4 | . . . . . . . . . . . . . 1 . . . . . . . . . . . . . . . . . . . . . . . . 3 Weapon Failures 46 | . . . . . . . . . . 1 . 2 8 . . 28 2 . . . . . . . . . 2 . . . . . . . 1 1 . 1 Overload Shots . | . . . . . . . . . . . . . . . . . . . . . . . . . . . . . . . . . . . . . . . Overflow Damage 2424 | . . . 32 . . 38 111 . 93 . . . 564 79 5 20 . . 80 61 5 . . . . . . 95 136 . . 31 106 . 600 175 72 121 Projectiles 1121 | . . . 32 . . . 10 . . . . . 475 . . . . . . . . . . . . . . . . . . . 24 . 411 97 72 . Explosions 563 | . . . . . . 38 . . . . . . 72 8 5 4 . . 4 8 5 . . . . . . 95 136 . . 31 4 . 20 78 . 55 Melee 740 | . . . . . . . 101 . 93 . . . 17 71 . 16 . . 76 53 . . . . . . . . . . . . 78 . 169 . . 66 Knockbacks 57 | . . . . . . . 5 . . . . . 25 5 . . . . . 1 . . . . . . . . . . . . . . 4 2 15 . Impact 5 | . . . . . . . . . . . . . . 4 . . . . . 1 . . . . . . . . . . . . . . . . . . Kinetic 44 | . . . . . . . 5 . . . . . 21 . . . . . . . . . . . . . . . . . . . . . 4 2 12 . Secondary 8 | . . . . . . . . . . . . . 4 1 . . . . . . . . . . . . . . . . . . . . . . 3 . Self-Inflicted Damage 2067 | . . . . 24 . 32 . 41 . . . 13 177 89 533 135 41 . 33 55 193 . . . . . 109 88 117 . . . . . 203 106 . 78 Shots 68 | . . . . 1 . 2 . 1 . . . 1 5 4 25 4 2 . 1 1 8 . . . . . 2 2 3 . . . . . 2 2 . 2 Rammed 47 | . . 1 7 1 . 1 5 . 1 1 2 5 7 7 . 1 . . . . . . . . . . . . . . . . . . . . . 8 Targets Rammed 56 | . . 1 8 1 . 2 7 . 1 1 3 5 11 7 . 1 . . . . . . . . . . . . . . . . . . . . . 8 Kicked . | . . . . . . . . . . . . . . . . . . . . . . . . . . . . . . . . . . . . . . . Crushed 9 | . . . 1 . . 1 2 . . . 1 . 4 . . . . . . . . . . . . . . . . . . . . . . . . . Highest Temperature 444 | . 138 . 372 290 . 75 132 269 261 203 102 269 444 215 . 359 207 125 175 345 245 15 113 215 . 120 171 21 75 20 . . 35 . 238 260 222 212 Average Temperature 75 | . 59 . 121 125 . 38 31 34 42 22 27 63 96 46 . 80 57 68 77 86 75 10 17 42 . 88 34 14 30 15 . . 35 . 105 99 82 60 Received Heat Transfer 6729 | . 102 . 372 87 . . 219 418 201 47 232 440 1012 576 . 552 45 . . 517 127 . . . . 9 538 . . . 70 . 331 . 89 84 47 614 Effects 25 | . . . 9 1 . . . . . . . . 8 . . 2 . . . 2 . . . . . . . . . . . . . . . . 1 2 Shutdowns 2 | . . . . . . . . . . . . . 2 . . . . . . . . . . . . . . . . . . . . . . . . . Energy Bleed 8 | . . . 2 1 . . . . . . . . 1 . . 2 . . . 1 . . . . . . . . . . . . . . . . 1 . Interference 10 | . . . 5 . . . . . . . . . 3 . . . . . . . . . . . . . . . . . . . . . . . . 2 Matter Decay 4 | . . . 2 . . . . . . . . . 1 . . . . . . 1 . . . . . . . . . . . . . . . . . . Short Circuit 1 | . . . . . . . . . . . . . 1 . . . . . . . . . . . . . . . . . . . . . . . . . Siege Activations 11 | . . . . . . . . . . . . . . . . . . . . . . . . . . . . . . . . . 2 . 6 1 2 . Total Turns 350 | . . . . . . . . . . . . . . . . . . . . . . . . . . . . . . . . . 76 . 187 4 83 . Longest Duration 74 | . . . . . . . . . . . . . . . . . . . . . . . . . . . . . . . . . 49 . 74 4 44 . Martial Activations . | . . . . . . . . . . . . . . . . . . . . . . . . . . . . . . . . . . . . . . . Shielding Activations . | . . . . . . . . . . . . . . . . . . . . . . . . . . . . . . . . . . . . . . . Robots Disrupted . | . . . . . . . . . . . . . . . . . . . . . . . . . . . . . . . . . . . . . . . Combat Hostiles . | . . . . . . . . . . . . . . . . . . . . . . . . . . . . . . . . . . . . . . . Robots Corrupted 9 | . . . . . . . . . 1 . . . 1 2 . 1 . . . 1 . . . . . . . . . . . . . . . . 3 . Combat Hostiles 8 | . . . . . . . . . 1 . . . 1 2 . 1 . . . . . . . . . . . . . . . . . . . . 3 . Parts Fried 17 | . . . . . . . . . 4 . . . 1 6 . . . . . 2 . . . . . . . . . . . . . . . . 4 . Impact Corruptions 14 | . . . . . . . 1 . 2 . . . 3 3 . 1 . . 1 2 . . . . . . . . . . . . . . . . 1 . Robots Melted 6 | . . . . . . . . . . . . . . 1 . . . . . . . . . . . . . . . . . . 1 . 2 1 1 . Combat Hostiles 6 | . . . . . . . . . . . . . . 1 . . . . . . . . . . . . . . . . . . 1 . 2 1 1 . Parts Melted 27 | . 1 . 8 1 . . . . . . . 1 . 5 . . . . . . . . . . . . . . . . . . 5 . 3 1 2 . Heat Transferred 11857 | 25 375 . 3663 296 . 222 111 . . . . . 650 1842 . . . . . . . . . . . . 50 . . 50 250 . 1300 74 1025 1036 888 . Parts Sabotaged 3 | . . . . . . . . . . . . . . 3 . . . . . . . . . . . . . . . . . . . . . . . . Parts Stolen . | . . . . . . . . . . . . . . . . . . . . . . . . . . . . . . . . . . . . . . . Parts Stripped . | . . . . . . . . . . . . . . . . . . . . . . . . . . . . . . . . . . . . . . . Power Chain Reactions 2 | . . . . . . . . . . . . . . . . 1 . . . . . . . . . . . . . . . . . . 1 . . . Alert | -11 -10 -10 -9 -9 -9 -8 -8 -8 -8 -8 -7 -7 -7 -6 -6 -6 -6 -6 -5 -5 -5 -5 -5 -5 -5 -4 -4 -4 -4 -4 -3 -3 -3 -2 -2 -2 -1 -1 ------- Run | Yrd Mat Min Mat Min Exi Min Mat Gar Mat Gar Fac Gar Fac Fac Was Fac Low Zio Pro Fac Gar Fac Upp Upp Zhi Pro Fac Upp Upp War Pro Res Qua Res Tes Gar Acc Com Maximum Alert Level 5 | . . . 2 . . . . 4 3 4 3 5 5 4 2 4 . . . 2 5 4 . . . . 3 . . . . 2 2 1 2 5 5 5 Low Security (%) 24 | 100 100 100 22 100 . 100 100 12 . . . . . . . 1 . . . 50 . . . . . . 27 . . . . 13 14 92 35 . . . Level 1 17 | . . . 47 . . . . 18 49 17 . . . . . 45 . . . 19 . . . . . . 2 . . . . 51 61 7 48 . . . Level 2 16 | . . . 29 . . . . 11 34 17 99 22 . . 100 18 . . . 29 18 . . . . . 41 . . . . 34 23 . 15 13 . . Level 3 16 | . . . . . . . . 17 15 42 . 28 35 80 . 22 . . . . 7 76 . . . . 28 . . . . . . . . 8 4 . Level 4 15 | . . . . . . . . 38 . 22 . 18 56 19 . 12 . . . . 39 23 . . . . . . . . . . . . . 3 48 52 Level 5 7 | . . . . . . . . . . . . 30 1 . . . . . . . 33 . . . . . . . . . . . . . . 74 9 37 High Security 1 | . . . . . . . . . . . . . 6 . . . . . . . . . . . . . . . . . . . . . . . 37 9 Max Security . | . . . . . . . . . . . . . . . . . . . . . . . . . . . . . . . . . . . . . . . Peak Influence 2249 | 10 120 74 457 172 . 89 114 1591 775 1227 718 2137 1886 1295 494 1452 . . . 698 2249 1180 . . . . 891 . . . . 499 481 237 575 2200 2141 2221 Initial 1369 | . . . 8 172 . . . 50 775 276 644 502 1121 1100 453 309 . . . 52 488 1180 . . . . . . . . . 181 178 237 . 425 1320 1369 Average 693 | 1 35 12 295 84 . 17 55 838 488 781 601 1189 1244 1054 459 577 . . . 213 1315 990 . . . . 497 . . . . 365 316 54 254 1631 1606 1601 Influence Increases 26026 | 15 203 124 1073 288 . 191 608 1661 573 1001 496 1715 1689 885 119 1971 300 . 295 1054 1871 48 40 30 . 70 1421 200 330 63 591 499 845 16 1029 1835 1471 1406 Destroy 0b10 Robot/C 14280 | . 160 100 600 200 . 120 300 900 360 440 340 860 960 500 . 960 260 . 260 620 940 . 40 20 . 60 760 180 300 40 360 260 480 . 440 940 660 860 Destroy 0b10 Robot/NC 905 | 15 5 . 65 . . 20 50 . 45 . 10 5 85 30 . 170 . . 5 55 20 25 . . . . 110 . . 5 . 5 15 5 45 . 50 65 Destroy Leader 2450 | . 32 20 194 30 . 20 122 30 140 40 70 50 226 122 . 262 40 . 30 152 60 2 . 10 . 10 162 20 30 . 30 40 74 2 60 70 140 160 Allied During Kill 795 | . . 4 12 9 . . . 26 . 9 3 66 21 . . . . . . 3 2 . . . . . 37 . . 18 201 170 25 . . 134 55 . Trap Triggered on 0b10 20 | . . . . . . . . . . . 20 . . . . . . . . . . . . . . . . . . . . . . . . . . . Successful Hack 508 | . 6 . 35 . . . 11 12 18 26 20 14 16 35 . 54 . . . 26 10 . . . . . 35 . . . . . 15 . 70 30 27 48 Disable Machine 1245 | . . . 75 15 . . 30 30 . 30 . 30 180 90 . 165 . . . 60 15 15 . . . . 105 . . . . . 120 . 90 75 60 60 Anti-Garrison Action 2700 | . . . . . . . . 500 . 400 . 550 . . . 150 . . . . 600 . . . . . . . . . . . . . . 300 200 . Destroy Structure 2328 | . . . 2 34 . 31 20 28 10 56 3 140 141 78 119 90 . . . 78 164 6 . . . . 182 . . . . 24 116 9 324 286 204 183 Partial Spotted 90 | . . . . . . . . . . . . . 15 15 . . . . . 15 30 . . . . . . . . . . . . . . . . 15 Lose Combat Pursuer 705 | . . . 90 . . . 75 135 . . 30 . 45 15 . 120 . . . 45 30 . . . . . 30 . . . . . . . . . 75 15 Influence Decreases 24016 | 15 203 102 652 683 48 191 530 148 1739 199 1005 296 1970 1637 972 962 978 773 211 440 320 1461 660 246 . 70 550 635 426 348 377 450 740 439 462 202 1530 1346 Entered New Map 11047 | . . . 14 271 48 . . 28 816 149 583 216 1016 947 842 133 538 773 . 32 210 1069 310 42 . . . 323 84 340 55 88 140 186 . 142 880 772 Time Decay 10639 | 15 193 82 608 412 . 191 520 . 583 . 342 . 624 530 90 699 440 . 211 358 . 392 350 204 . 70 430 302 342 8 322 302 530 253 462 . 310 464 Lost Part 1160 | . 10 . 10 . . . 10 40 20 10 60 60 120 160 40 130 . . . 40 90 . . . . . 80 10 . . . . 30 . . . 130 110 Lost Ally 570 | . . 20 20 . . . . 80 20 40 20 20 60 . . . . . . 10 20 . . . . . 40 . . . . 60 40 . . 60 60 . Purge Threat 600 | . . . . . . . . . 300 . . . 150 . . . . . . . . . . . . . . . . . . . . . . . 150 . Squads Dispatched 143 | . . . 6 . . . 4 . 3 . 8 . 19 7 . 21 . . . 8 . 1 . . . . 7 . . . . 1 7 1 7 . 28 15 Investigation 20 | . . . 3 . . . 1 . 1 . 1 . 3 1 . 6 . . . . . . . . . . . . . . . . 2 . 1 . 1 . Extermination 30 | . . . . . . . . . . . 1 . 5 1 . 4 . . . 3 . 1 . . . . 2 . . . . 1 4 . 3 . 1 4 Reinforcement 35 | . . . 3 . . . 1 . 1 . 2 . 2 2 . 2 . . . 4 . . . . . . 4 . . . . . 1 1 3 . 8 1 Assault 41 | . . . . . . . . . . . . . 6 3 . 3 . . . 1 . . . . . . 1 . . . . . . . . . 17 10 Garrison 17 | . . . . . . . 2 . 1 . 4 . 3 . . 6 . . . . . . . . . . . . . . . . . . . . 1 . Intercept . | . . . . . . . . . . . . . . . . . . . . . . . . . . . . . . . . . . . . . . . Searches Triggered . | . . . . . . . . . . . . . . . . . . . . . . . . . . . . . . . . . . . . . . . Construction Impeded 7 | . . . . . . . . . . . . . 2 . . . . . . 1 . . . . . . 2 . . . . . . . . . 2 . Haulers Reinforced 6 | . . . . . . . . . . . . . . 2 . 1 . . . 2 . . . . . . 1 . . . . . . . . . . . Active Scanning Responses . | . . . . . . . . . . . . . . . . . . . . . . . . . . . . . . . . . . . . . . . Cargo Convoy Interrupts 1 | . . . . . . . . . . . . . . 1 . . . . . . . . . . . . . . . . . . . . . . . . Stealth | -11 -10 -10 -9 -9 -9 -8 -8 -8 -8 -8 -7 -7 -7 -6 -6 -6 -6 -6 -5 -5 -5 -5 -5 -5 -5 -4 -4 -4 -4 -4 -3 -3 -3 -2 -2 -2 -1 -1 --------- Run | Yrd Mat Min Mat Min Exi Min Mat Gar Mat Gar Fac Gar Fac Fac Was Fac Low Zio Pro Fac Gar Fac Upp Upp Zhi Pro Fac Upp Upp War Pro Res Qua Res Tes Gar Acc Com Distress Signals 48 | . . . 1 . . . 3 . 3 . 1 . . 2 . . . . 16 2 . . . . . . . . . . . . 2 10 5 . 1 2 Communications Jammed 118 | . . . . . . . . . . . . . . 9 . 13 . . . 3 . . . . . . 83 . . . . 1 9 . . . . . Distress Signals 98 | . . . . . . . . . . . . . . 9 . 6 . . . 1 . . . . . . 73 . . . . 1 8 . . . . . Times Spotted 895 | . 10 11 46 10 . 6 31 51 31 23 22 43 64 29 5 64 12 . 11 39 53 2 5 1 . 4 48 5 15 4 20 11 33 5 29 44 43 65 Peak Tracking Total 10 | . 3 4 7 4 . 3 5 5 5 3 5 5 8 6 1 4 4 . 5 6 10 1 3 1 . 3 8 5 5 3 7 3 6 3 7 9 7 7 Tactical Retreats 35 | . . . 3 . . . 4 6 . . 2 . 2 1 . 5 . . . 3 2 . . . . . 1 . . . . . . . . . 5 1 Traps | -11 -10 -10 -9 -9 -9 -8 -8 -8 -8 -8 -7 -7 -7 -6 -6 -6 -6 -6 -5 -5 -5 -5 -5 -5 -5 -4 -4 -4 -4 -4 -3 -3 -3 -2 -2 -2 -1 -1 ------- Run | Yrd Mat Min Mat Min Exi Min Mat Gar Mat Gar Fac Gar Fac Fac Was Fac Low Zio Pro Fac Gar Fac Upp Upp Zhi Pro Fac Upp Upp War Pro Res Qua Res Tes Gar Acc Com Traps Triggered 50 | . . . 1 . . . 3 4 . 10 . 5 1 1 . 4 . . 1 . 14 2 . . . . 2 . . . . 2 . . . . . . Indirectly . | . . . . . . . . . . . . . . . . . . . . . . . . . . . . . . . . . . . . . . . Trap Hack Attempts 73 | . . . 13 . . . . . . . 56 . . 4 . . . . . . . . . . . . . . . . . . . . . . . . Triggered . | . . . . . . . . . . . . . . . . . . . . . . . . . . . . . . . . . . . . . . . Disarmed . | . . . . . . . . . . . . . . . . . . . . . . . . . . . . . . . . . . . . . . . Reprogrammed 6 | . . . 1 . . . . . . . 4 . . 1 . . . . . . . . . . . . . . . . . . . . . . . . Reused 2 | . . . . . . . . . . . 2 . . . . . . . . . . . . . . . . . . . . . . . . . . . Traps Extracted . | . . . . . . . . . . . . . . . . . . . . . . . . . . . . . . . . . . . . . . . Installed . | . . . . . . . . . . . . . . . . . . . . . . . . . . . . . . . . . . . . . . . Triggered 2 | . . . . . . . . . . . 2 . . . . . . . . . . . . . . . . . . . . . . . . . . . Machines | -11 -10 -10 -9 -9 -9 -8 -8 -8 -8 -8 -7 -7 -7 -6 -6 -6 -6 -6 -5 -5 -5 -5 -5 -5 -5 -4 -4 -4 -4 -4 -3 -3 -3 -2 -2 -2 -1 -1 ---------- Run | Yrd Mat Min Mat Min Exi Min Mat Gar Mat Gar Fac Gar Fac Fac Was Fac Low Zio Pro Fac Gar Fac Upp Upp Zhi Pro Fac Upp Upp War Pro Res Qua Res Tes Gar Acc Com Machines Disabled 118 | . . . 5 1 . . 2 8 . 6 . 10 12 6 . 12 1 . . 4 9 1 . . . . 7 . . 1 . . 8 . 6 11 4 4 Max in Single Turn 4 | . . . 1 1 . . 1 1 . 1 . 1 4 4 . 2 1 . . 1 1 1 . . . . 2 . . 1 . . 2 . 1 1 1 1 Garrison Access 4 | . . . . . . . . . . . . . . . . 1 . . . . . . . . . . . . . . . . . 1 . . 2 . Garrison Relay 29 | . . . . . . . . 5 . 4 . 8 . . . . . . . . 8 . . . . . . . . . . . . . . 4 . . Phase Generator 1 | . . . . . . . . 1 . . . . . . . . . . . . . . . . . . . . . . . . . . . . . . Machines Repaired . | . . . . . . . . . . . . . . . . . . . . . . . . . . . . . . . . . . . . . . . Machines Dismantled 10 | . . . . . . . . 2 . 1 . 1 . . . . . . . . . . . . . . . . . 1 . . . . 1 1 3 . Machines Sabotaged . | . . . . . . . . . . . . . . . . . . . . . . . . . . . . . . . . . . . . . . . Overloaded Fab Kills . | . . . . . . . . . . . . . . . . . . . . . . . . . . . . . . . . . . . . . . . Hacking | -11 -10 -10 -9 -9 -9 -8 -8 -8 -8 -8 -7 -7 -7 -6 -6 -6 -6 -6 -5 -5 -5 -5 -5 -5 -5 -4 -4 -4 -4 -4 -3 -3 -3 -2 -2 -2 -1 -1 --------- Run | Yrd Mat Min Mat Min Exi Min Mat Gar Mat Gar Fac Gar Fac Fac Was Fac Low Zio Pro Fac Gar Fac Upp Upp Zhi Pro Fac Upp Upp War Pro Res Qua Res Tes Gar Acc Com Machines Accessed 124 | . 3 . 8 . 1 . 8 2 8 3 2 1 12 6 . 16 . . . 5 3 1 1 2 4 . 5 . . 2 . 3 6 1 6 3 6 6 Terminals 65 | . 2 . 4 . . . 5 2 5 3 1 1 4 3 . 9 . . . 1 3 1 . 1 . . 1 . . . . 1 3 . 3 3 4 5 Fabricators 11 | . . . . . . . . . . . . . 5 2 . 2 . . . . . . . . . . 1 . . . . . . . 1 . . . Repair Stations 11 | . 1 . 2 . . . 1 . 1 . . . 1 . . 2 . . . 2 . . . . . . 1 . . . . . . . . . . . Recycling Units 4 | . . . . . . . . . . . . . . . . 1 . . . 1 . . . . . . 1 . . . . . . . . . . 1 Scanalyzers 13 | . . . 2 . . . 1 . 1 . . . 1 1 . 1 . . . . . . . . . . 1 . . . . 2 2 . 1 . . . Garrison Access 11 | . . . . . . . 1 . 1 . 1 . 1 . . 1 . . . 1 . . . . . . . . . . . . 1 1 1 . 2 . Total Hacks 279 | . 7 . 22 . 1 . 27 3 21 7 5 1 20 13 . 37 . . . 9 6 2 1 2 17 . 12 . . 2 . 7 19 2 12 5 12 7 Successful 149 | . 3 . 9 . 1 . 19 2 14 2 3 1 7 8 . 12 . . . 7 2 1 1 2 17 . 5 . . 2 . 4 9 1 4 3 8 2 Failed 129 | . 4 . 13 . . . 7 1 7 5 2 . 13 5 . 25 . . . 2 4 1 . . . . 7 . . . . 3 10 1 8 2 4 5 Catastrophic 31 | . 1 . 2 . . . . 1 . 3 1 . 6 1 . 8 . . . . 1 . . . . . . . . . . . 2 . 2 . 1 2 Database Lockouts 1 | . . . . . . . 1 . . . . . . . . . . . . . . . . . . . . . . . . . . . . . . . Manual 73 | . 4 . 7 . . . 9 2 7 . 3 . 6 5 . 15 . . . 2 . . . . . . 1 . . . . . 2 . 1 1 4 4 Terminals 130 | . 4 . 11 . . . 12 3 13 7 2 1 6 4 . 19 . . . 2 6 2 . 1 . . 2 . . . . 2 8 . 5 5 9 6 Fabricators 22 | . . . . . . . . . . . . . 9 7 . 2 . . . . . . . . . . 3 . . . . . . . 1 . . . Repair Stations 34 | . 3 . 4 . . . 9 . 3 . . . 1 . . 7 . . . 4 . . . . . . 3 . . . . . . . . . . . Recycling Units 5 | . . . . . . . . . . . . . . . . 2 . . . 1 . . . . . . 1 . . . . . . . . . . 1 Scanalyzers 41 | . . . 7 . . . 3 . 3 . . . 3 2 . 5 . . . . . . . . . . 3 . . . . 5 7 . 3 . . . Garrison Access 25 | . . . . . . . 3 . 2 . 3 . 1 . . 2 . . . 2 . . . . . . . . . . . . 4 2 3 . 3 . Terminal Hacks 68 | . 1 . 3 . 1 . 6 1 7 2 1 1 1 . . 3 . . . 1 2 1 1 2 17 . 1 . . 2 . 1 4 . . 3 5 1 Record 7 | . . . . . 1 . . . . . . . . . . . . . . . . . . 1 5 . . . . . . . . . . . . . Part Schematic 5 | . . . . . . . . . . . . . . . . . . . . . . . . . 4 . . . . . . . 1 . . . . . Robot Analysis 8 | . 1 . 2 . . . 1 . . . . . . . . . . . . . . . . . 4 . . . . . . . . . . . . . Prototype ID Bank 6 | . . . . . . . 2 . . . . . . . . . . . . . . . . . 4 . . . . . . . . . . . . . Open Door 5 | . . . . . . . . . . . . . . . . . . . . . . . 1 1 . . . . . 2 . 1 . . . . . . Branch Access Points 4 | . . . 1 . . . . . . . . . . . . 1 . . . . . 1 . . . . . . . . . . . . . . 1 . Emergency Access Points 4 | . . . . . . . . . . 1 . 1 . . . . . . . . 1 . . . . . . . . . . . . . . 1 . . Terminal Index 1 | . . . . . . . . . . . . . . . . 1 . . . . . . . . . . . . . . . . . . . . . . Unreport Threat 4 | . . . . . . . . . 2 . . . 1 . . . . . . . . . . . . . . . . . . . . . . . 1 . Locate Traps 4 | . . . . . . . 1 . 1 . 1 . . . . . . . . . . . . . . . . . . . . . 1 . . . . . Recall Extermination 1 | . . . . . . . . . . . . . . . . . . . . . . . . . . . . . . . . . . . . . 1 . Recall Reinforcements 2 | . . . . . . . . . . . . . . . . . . . . . . . . . . . . . . . . . . . . . 2 . Registered Components 1 | . . . . . . . . . . . . . . . . . . . . . . . . . . . . . . . . . . . . . . 1 Zone Layout 11 | . . . . . . . 2 . 4 . . . . . . 1 . . . 1 . . . . . . 1 . . . . . 2 . . . . . Garrison Registry 2 | . . . . . . . . . . . . . . . . . . . . . 1 . . . . . . . . . . . . . . 1 . . Patrol Navigation 2 | . . . . . . . . 1 . . . . . . . . . . . . . . . . . . . . . . . . . . . 1 . . Security Stations 1 | . . . . . . . . . . 1 . . . . . . . . . . . . . . . . . . . . . . . . . . . . Fabricator Hacks 6 | . . . . . . . . . . . . . 2 2 . 1 . . . . . . . . . . 1 . . . . . . . . . . . Network Status 3 | . . . . . . . . . . . . . 1 1 . 1 . . . . . . . . . . . . . . . . . . . . . . Build 3 | . . . . . . . . . . . . . 1 1 . . . . . . . . . . . . 1 . . . . . . . . . . . Repair Station Hacks 24 | . 2 . 4 . . . 8 . 2 . . . . . . 2 . . . 4 . . . . . . 2 . . . . . . . . . . . Scan Component 13 | . 1 . 2 . . . 4 . 1 . . . . . . 2 . . . 2 . . . . . . 1 . . . . . . . . . . . Repair 11 | . 1 . 2 . . . 4 . 1 . . . . . . . . . . 2 . . . . . . 1 . . . . . . . . . . . Recycling Unit Hacks 2 | . . . . . . . . . . . . . . . . 2 . . . . . . . . . . . . . . . . . . . . . . Process 1 | . . . . . . . . . . . . . . . . 1 . . . . . . . . . . . . . . . . . . . . . . Retrieve Matter 1 | . . . . . . . . . . . . . . . . 1 . . . . . . . . . . . . . . . . . . . . . . Scanalyzer 22 | . . . 2 . . . 1 . 2 . . . 2 2 . 3 . . . . . . . . . . 1 . . . . 3 4 . 2 . . . Insert Component 3 | . . . . . . . . . . . . . . . . 1 . . . . . . . . . . . . . . . 2 . . . . . . Retrieve Study 19 | . . . 2 . . . 1 . 2 . . . 2 2 . 2 . . . . . . . . . . 1 . . . . 1 4 . 2 . . . Garrison Access Hacks 7 | . . . . . . . 1 . 1 . 1 . . . . . . . . 1 . . . . . . . . . . . . . 1 1 . 1 . Unlock Access 5 | . . . . . . . 1 . 1 . 1 . . . . . . . . 1 . . . . . . . . . . . . . . 1 . . . Seal Access 2 | . . . . . . . . . . . . . . . . . . . . . . . . . . . . . . . . . . 1 . . 1 . Unauthorized Hacks 20 | . . . . . . . 3 1 2 . 1 . 2 4 . 1 . . . 1 . . . . . . . . . . . . 1 . 1 . 2 1 Terminals 10 | . . . . . . . 2 1 1 . . . 1 1 . 1 . . . 1 . . . . . . . . . . . . 1 . . . 1 . Track 1 | . . . . . . . . . . . . . 1 . . . . . . . . . . . . . . . . . . . . . . . . . Botnet 8 | . . . . . . . 1 1 1 . . . . 1 . 1 . . . 1 . . . . . . . . . . . . 1 . . . 1 . Operators 1 | . . . . . . . 1 . . . . . . . . . . . . . . . . . . . . . . . . . . . . . . . Fabricators 4 | . . . . . . . . . . . . . . 3 . . . . . . . . . . . . . . . . . . . . 1 . . . Prioritize 1 | . . . . . . . . . . . . . . 1 . . . . . . . . . . . . . . . . . . . . . . . . Liberate 3 | . . . . . . . . . . . . . . 2 . . . . . . . . . . . . . . . . . . . . 1 . . . Repair Stations 1 | . . . . . . . . . . . . . 1 . . . . . . . . . . . . . . . . . . . . . . . . . Patch 1 | . . . . . . . . . . . . . 1 . . . . . . . . . . . . . . . . . . . . . . . . . Recycling Units 1 | . . . . . . . . . . . . . . . . . . . . . . . . . . . . . . . . . . . . . . 1 Reject 1 | . . . . . . . . . . . . . . . . . . . . . . . . . . . . . . . . . . . . . . 1 Scanalyzers . | . . . . . . . . . . . . . . . . . . . . . . . . . . . . . . . . . . . . . . . Garrison Access 4 | . . . . . . . 1 . 1 . 1 . . . . . . . . . . . . . . . . . . . . . . . . . 1 . Reprogram 3 | . . . . . . . 1 . 1 . 1 . . . . . . . . . . . . . . . . . . . . . . . . . . . Jam 1 | . . . . . . . . . . . . . . . . . . . . . . . . . . . . . . . . . . . . . 1 . Data Cores Recovered 8 | . . . 1 . . . 2 . . . . . . 1 . 2 . . . . . . . . . . . . . . . . 1 . 1 . . . Used 1 | . . . . . . . 1 . . . . . . . . . . . . . . . . . . . . . . . . . . . . . . . Hacking Detections 93 | . 3 . 8 . . . 4 2 6 3 1 . 11 4 . 15 . . . 4 2 1 . . . . 5 . . . . 2 6 . 5 1 5 5 Full Trace Events 17 | . . . 4 . . . 1 . . 2 . . 1 . . 6 . . . . . . . . . . . . . . . . 2 . 1 . . . Feedback Events 2 | . . . 1 . . . . . . . . . . . . 1 . . . . . . . . . . . . . . . . . . . . . . Corruption 2 | . . . 1 . . . . . . . . . . . . 1 . . . . . . . . . . . . . . . . . . . . . . Feedback Blocked . | . . . . . . . . . . . . . . . . . . . . . . . . . . . . . . . . . . . . . . . Robot Schematics Acquired 5 | . . . . . . . . . . . . . . . . . . 3 . . . . . . . . . . . . . . . . 2 . . . Robots Built 5 | . . . . . . . . . . . . . 3 . . . . . . . . . . . . . 2 . . . . . . . . . . . Authchips . | . . . . . . . . . . . . . . . . . . . . . . . . . . . . . . . . . . . . . . . Time 201 | . . . . . . . . . . . . . 49 . . . . . . . . . . . . . 152 . . . . . . . . . . . Total Robot Build Rating 16 | . . . . . . . . . . . . . 6 . . . . . . . . . . . . . 10 . . . . . . . . . . . Part Schematics Acquired 27 | . . . . . . . . . . . . . . . . . . 15 . . . . . . 4 . . . . . . . 1 . 7 . . . Parts Built 1 | . . . . . . . . . . . . . . 1 . . . . . . . . . . . . . . . . . . . . . . . . Authchips . | . . . . . . . . . . . . . . . . . . . . . . . . . . . . . . . . . . . . . . . Time 128 | . . . . . . . . . . . . . . 128 . . . . . . . . . . . . . . . . . . . . . . . . Total Part Build Rating 8 | . . . . . . . . . . . . . . 8 . . . . . . . . . . . . . . . . . . . . . . . . Part Studies Acquired 19 | . . . 2 . . . 1 . 2 . . . 2 2 . 2 . . . . . . . . . . 1 . . . . 1 4 . 2 . . . Parts Repaired 11 | . 1 . 2 . . . 4 . 1 . . . . . . . . . . 2 . . . . . . 1 . . . . . . . . . . . Time 316 | . 26 . 64 . . . 128 . 38 . . . . . . . . . . 38 . . . . . . 22 . . . . . . . . . . . Parts Recycled . | . . . . . . . . . . . . . . . . . . . . . . . . . . . . . . . . . . . . . . . Recycled Matter 2 | . . . . . . . . . . . . . . . . 2 . . . . . . . . . . . . . . . . . . . . . . Retrieved Matter 2 | . . . . . . . . . . . . . . . . 2 . . . . . . . . . . . . . . . . . . . . . . Retrieved Components . | . . . . . . . . . . . . . . . . . . . . . . . . . . . . . . . . . . . . . . . Parts Scanalyzed 1 | . . . . . . . . . . . . . . . . 1 . . . . . . . . . . . . . . . . . . . . . . Part Schematics Acquired . | . . . . . . . . . . . . . . . . . . . . . . . . . . . . . . . . . . . . . . . Parts Damaged . | . . . . . . . . . . . . . . . . . . . . . . . . . . . . . . . . . . . . . . . Bothacking | -11 -10 -10 -9 -9 -9 -8 -8 -8 -8 -8 -7 -7 -7 -6 -6 -6 -6 -6 -5 -5 -5 -5 -5 -5 -5 -4 -4 -4 -4 -4 -3 -3 -3 -2 -2 -2 -1 -1 ------------ Run | Yrd Mat Min Mat Min Exi Min Mat Gar Mat Gar Fac Gar Fac Fac Was Fac Low Zio Pro Fac Gar Fac Upp Upp Zhi Pro Fac Upp Upp War Pro Res Qua Res Tes Gar Acc Com Used RIF Installer . | . . . . . . . . . . . . . . . . . . . . . . . . . . . . . . . . . . . . . . . Robots Hacked 19 | . . . . . . . . . . . 1 . . 1 . . . 5 . . . . . . 3 . . . . 6 . . . 3 . . . . Non-combat 5 | . . . . . . . . . . . 1 . . 1 . . . 2 . . . . . . . . . . . 1 . . . . . . . . Combat 14 | . . . . . . . . . . . . . . . . . . 3 . . . . . . 3 . . . . 5 . . . 3 . . . . Robot Hacks Applied 19 | . . . . . . . . . . . 1 . . 1 . . . 5 . . . . . . 3 . . . . 6 . . . 3 . . . . parse_system 17 | . . . . . . . . . . . . . . . . . . 5 . . . . . . 3 . . . . 6 . . . 3 . . . . find_fabricator 1 | . . . . . . . . . . . 1 . . . . . . . . . . . . . . . . . . . . . . . . . . . find_recycling 1 | . . . . . . . . . . . . . . 1 . . . . . . . . . . . . . . . . . . . . . . . . Relay Couplers Released 126 | . . . . . . . . 24 . 18 . 31 . . . 2 . . . . 31 . . . . . . . . . . . . . . 16 4 . Machine Destruction 122 | . . . . . . . . 20 . 18 . 31 . . . 2 . . . . 31 . . . . . . . . . . . . . . 16 4 . Programmers 4 | . . . . . . . . 4 . . . . . . . . . . . . . . . . . . . . . . . . . . . . . . Fabnet Peak Effective % . | . . . . . . . . . . . . . . . . . . . . . . . . . . . . . . . . . . . . . . . Robots Rewired 20 | . . . . . . . . 2 . 2 . 2 . . . . . . . 1 . . . . . 1 . . . 5 3 . . . . 4 . . Allies Hacked 5 | . . . . . . . . . . . . 1 . . . . . . . . . . . . . . . . . . . 2 . . . 2 . . Hacks Repelled . | . . . . . . . . . . . . . . . . . . . . . . . . . . . . . . . . . . . . . . . Allies | -11 -10 -10 -9 -9 -9 -8 -8 -8 -8 -8 -7 -7 -7 -6 -6 -6 -6 -6 -5 -5 -5 -5 -5 -5 -5 -4 -4 -4 -4 -4 -3 -3 -3 -2 -2 -2 -1 -1 -------- Run | Yrd Mat Min Mat Min Exi Min Mat Gar Mat Gar Fac Gar Fac Fac Was Fac Low Zio Pro Fac Gar Fac Upp Upp Zhi Pro Fac Upp Upp War Pro Res Qua Res Tes Gar Acc Com Total Allies 37 | . . 2 . 1 . . 1 4 1 3 1 2 3 . . . . . . 2 . . . . . 1 2 . . 5 3 . . . . 6 . . Largest Group 8 | . . 2 1 1 . . . 3 1 2 1 2 3 . . . . . . 1 1 . . . . 1 2 . . 5 8 7 4 . . 3 3 . Highest-Rated Group 511 | . . 45 31 31 . . . 71 40 61 32 70 54 . . . . . . 85 85 . . . . 116 116 . . 301 511 395 226 . . 212 194 . Highest-Rated Ally 148 | . . 31 31 31 . . . 40 40 40 32 39 39 . . . . . . 85 85 . . . . 116 116 . . 68 116 68 68 . . 148 119 . Initial Warlord ECA Mod 42 | . . . . . . . . . 10 10 17 17 29 28 28 28 28 28 27 27 27 39 38 38 38 37 37 37 37 37 36 36 36 35 35 35 42 42 Warlord Squad Rendezvous 1 | . . . . . . . . . . . . . . . . . . . . . . 1 . . . . . . . . . . . . . . . . Chimera 1 | . . . . . . . . . . . . . . . . . . . . . . 1 . . . . . . . . . . . . . . . . Total Orders 31 | . . . . . . . . . . . . . . . . . . . 6 6 2 1 . . . . 3 . . 4 5 . . . . 4 . . STAY 14 | . . . . . . . . . . . . . . . . . . . . 2 2 . . . . . 2 . . 3 3 . . . . 2 . . FOLLOW 7 | . . . . . . . . . . . . . . . . . . . . 1 . . . . . . 1 . . 1 2 . . . . 2 . . EXPLORE 3 | . . . . . . . . . . . . . . . . . . . 3 . . . . . . . . . . . . . . . . . . . RETURN 7 | . . . . . . . . . . . . . . . . . . . 3 3 . 1 . . . . . . . . . . . . . . . . Ally Attacks 324 | . . 4 32 15 . . . 14 2 14 15 40 24 . . . . . . 11 6 . . . . . 18 . . 2 25 38 14 . . 36 14 . Total Damage 9555 | . . 65 400 207 . . . 283 15 357 273 725 458 . . . . . . 309 351 . . . . . 926 . . 47 986 1439 468 . . 1540 706 . Kills 82 | . . 1 8 1 . . . 4 . 3 1 8 6 . . . . . . 4 1 . . . . . 8 . . 1 8 11 2 . . 10 5 . Allies Corrupted 5 | . . . . . . . . . . . . . 1 . . . . . . . . . . . . . . . . . . 1 2 . . 1 . . Allies Melted 2 | . . . . . . . . . . . . . . . . . . . . . . . . . . . . . . . . . . 1 1 . . . Intel | -11 -10 -10 -9 -9 -9 -8 -8 -8 -8 -8 -7 -7 -7 -6 -6 -6 -6 -6 -5 -5 -5 -5 -5 -5 -5 -4 -4 -4 -4 -4 -3 -3 -3 -2 -2 -2 -1 -1 ------- Run | Yrd Mat Min Mat Min Exi Min Mat Gar Mat Gar Fac Gar Fac Fac Was Fac Low Zio Pro Fac Gar Fac Upp Upp Zhi Pro Fac Upp Upp War Pro Res Qua Res Tes Gar Acc Com Active Infowar (turns) 19716 | 51 54 . . . . . . . . . 1 . 1 1219 184 2979 1091 1459 1055 601 706 295 659 480 171 356 1391 598 515 1219 591 663 1482 1119 703 . 41 32 Optics 7755 | . . . . . . . . . . . . . . 907 184 2979 1091 1459 1053 . . 82 . . . . . . . . . . . . . . . . Sensors 10195 | . . . . . . . . . . . . . . . . 240 1000 612 540 267 . 213 657 480 171 356 53 595 514 1216 584 247 559 1116 703 . 41 31 Traps 2 | . . . . . . . . . . . . . . . . 2 . . . . . . . . . . . . . . . . . . . . . . Seismic 105 | 51 54 . . . . . . . . . . . . . . . . . . . . . . . . . . . . . . . . . . . . . Decoding 3329 | . . . . . . . . . . . . . . . . . . . . . . . . . . . . . . . . 663 1482 1119 65 . . . Machine Analysis 1 | . . . . . . . . . . . 1 . . . . . . . . . . . . . . . . . . . . . . . . . . . Cloaking 5 | . . . . . . . . . . . . . . . . . . . . . . . 2 . . . . . 1 2 . . . . . . . . Jamming 6748 | . . . . . . . . . . . . . . 835 . 1863 . . . 334 706 . . . . . 1391 3 . 1 7 662 946 . . . . . ECM 2 | . . . . . . . . . . . . . 1 . . . . . . . . . . . . . . . . . . . . . . . . 1 Robot Analysis Total 8 | . 1 . 2 . . . 1 . . . . . . . . . . . . . . . . . 4 . . . . . . . . . . . . . Derelict Logs Recovered 10 | . . . . 1 . . . . . . . . . . . . 2 . 3 . . . . 2 . 1 . 1 . . . . . . . . . . Drone Launches 6 | . . . . . . . . . . . . . . . . . . . 2 3 . 1 . . . . . . . . . . . . . . . . Drone Recoveries 5 | . . . . . . . . . . . . . . . . . . . 1 3 . 1 . . . . . . . . . . . . . . . . Decoded 0b10 Intel 46 | . . . . . . . . . . . . . . . . . . . . . . . . . . . . . . . . 13 16 15 2 . . . Traps 20 | . . . . . . . . . . . . . . . . . . . . . . . . . . . . . . . . 5 12 1 2 . . . Emergency Access 20 | . . . . . . . . . . . . . . . . . . . . . . . . . . . . . . . . 5 2 13 . . . . Garrisons 3 | . . . . . . . . . . . . . . . . . . . . . . . . . . . . . . . . 1 1 1 . . . . Exits 3 | . . . . . . . . . . . . . . . . . . . . . . . . . . . . . . . . 2 1 . . . . . Exploration | -11 -10 -10 -9 -9 -9 -8 -8 -8 -8 -8 -7 -7 -7 -6 -6 -6 -6 -6 -5 -5 -5 -5 -5 -5 -5 -4 -4 -4 -4 -4 -3 -3 -3 -2 -2 -2 -1 -1 ------------- Run | Yrd Mat Min Mat Min Exi Min Mat Gar Mat Gar Fac Gar Fac Fac Was Fac Low Zio Pro Fac Gar Fac Upp Upp Zhi Pro Fac Upp Upp War Pro Res Qua Res Tes Gar Acc Com Turns Passed 46335 | 115 607 503 2291 1078 340 982 1955 1952 1819 1731 776 1826 2282 1497 184 2979 1091 1459 1186 1410 1865 931 785 522 238 514 1481 679 778 1260 826 663 1482 1119 1255 1477 1106 1291 Spaces Moved 21209 | 55 287 286 1137 514 166 464 723 759 737 640 244 633 854 588 80 1216 617 886 534 596 813 559 519 336 161 298 652 430 503 691 400 356 680 530 521 699 379 666 Core 39 | 3 . . . . . . . . . . . . . . . . . . . . . . . . . . . . . . . . . . . . . 36 Treads 12514 | 52 287 286 1137 514 166 327 696 759 737 640 244 633 854 588 80 457 . . . . 2 . . . . . . . . 590 400 356 680 530 521 699 279 . Legs . | . . . . . . . . . . . . . . . . . . . . . . . . . . . . . . . . . . . . . . . Wheels 8656 | . . . . . . 137 27 . . . . . . . . 759 617 886 534 596 811 559 519 336 161 298 652 430 503 101 . . . . . . 100 630 Hover . | . . . . . . . . . . . . . . . . . . . . . . . . . . . . . . . . . . . . . . . Flight . | . . . . . . . . . . . . . . . . . . . . . . . . . . . . . . . . . . . . . . . Fastest Speed 50 | 50 160 160 160 200 200 200 180 200 200 216 208 208 188 161 156 110 160 145 160 160 160 140 140 140 125 140 122 146 146 146 161 162 162 155 155 161 155 50 Average Speed 171 | 154 160 160 164 200 200 204 199 200 205 216 208 208 200 185 158 178 160 158 160 164 165 143 140 140 125 145 152 146 146 159 168 162 167 164 155 161 173 128 Slowest Speed 320 | 160 160 160 200 200 200 215 240 200 216 216 208 212 212 232 161 260 160 160 160 175 320 175 140 140 140 175 175 146 146 251 251 162 170 170 161 161 290 215 Overloaded Moves . | . . . . . . . . . . . . . . . . . . . . . . . . . . . . . . . . . . . . . . . Propulsion Burnouts . | . . . . . . . . . . . . . . . . . . . . . . . . . . . . . . . . . . . . . . . Robots Hopped . | . . . . . . . . . . . . . . . . . . . . . . . . . . . . . . . . . . . . . . . Potential Cave-ins . | . . . . . . . . . . . . . . . . . . . . . . . . . . . . . . . . . . . . . . . Cave-ins Triggered 1 | . . . . . . . . . . . . . . 1 . . . . . . . . . . . . . . . . . . . . . . . . Exploration Rate (%) 57 | 4 62 61 97 97 54 97 73 97 73 88 7 86 33 14 82 41 75 87 64 13 78 15 74 49 60 51 25 63 75 89 55 12 71 30 68 76 14 26 Regions Visited 38 Branch Regions 18 Pre-discovered Areas 5 | . . . . . . . . . . . . . . . . . 1 1 . . . . . . 3 . . . . . . . . . . . . . Known Exits Taken 24 | . . . 1 . . . 1 . 1 . 1 . . . . 1 1 1 1 1 . 1 1 1 1 1 1 1 1 1 1 1 1 1 1 . 1 . Unknown Exits Taken 7 | 1 1 1 . 1 1 1 . . . . . . 1 . . . . . . . . . . . . . . . . . . . . . . . . . Scrap Searched 24 | . . 1 . 2 . 2 . . . . . . . . . . 3 1 3 . . . 2 3 . 2 . 3 2 . . . . . . . . . Spaces Dug 107 | . . . . . . . 1 . 2 12 . 6 2 7 . 6 3 2 5 1 7 . . . . 3 1 2 . 1 . 2 5 4 3 9 9 14 Terrain Destroyed 1842 | . . . . 45 . 40 16 31 8 33 1 50 144 97 281 96 73 2 48 51 80 1 15 1 . 5 85 68 75 1 28 10 79 4 115 102 72 85 Melee 55 | . . . . . . . 1 . 2 11 . 3 . . . 5 1 2 4 1 5 . . . . 1 . . . . . 2 1 3 . . 3 10 Projectile 268 | . . . . . . . 10 . . 5 1 10 61 23 . 12 7 . 4 12 3 1 2 1 . 4 17 3 . 1 3 . 13 1 19 29 16 10 AOE 1498 | . . . . 45 . 40 5 31 6 17 . 37 83 74 281 77 64 . 40 38 71 . 13 . . . 65 65 75 . 25 8 65 . 96 73 41 63 Terrain Rammed . | . . . . . . . . . . . . . . . . . . . . . . . . . . . . . . . . . . . . . . . Walls Destroyed . | . . . . . . . . . . . . . . . . . . . . . . . . . . . . . . . . . . . . . . . Machines Disabled . | . . . . . . . . . . . . . . . . . . . . . . . . . . . . . . . . . . . . . . . Actions | -11 -10 -10 -9 -9 -9 -8 -8 -8 -8 -8 -7 -7 -7 -6 -6 -6 -6 -6 -5 -5 -5 -5 -5 -5 -5 -4 -4 -4 -4 -4 -3 -3 -3 -2 -2 -2 -1 -1 --------- Run | Yrd Mat Min Mat Min Exi Min Mat Gar Mat Gar Fac Gar Fac Fac Was Fac Low Zio Pro Fac Gar Fac Upp Upp Zhi Pro Fac Upp Upp War Pro Res Qua Res Tes Gar Acc Com Total 27440 | 74 375 309 1393 540 173 483 1134 976 924 824 424 906 1164 854 105 1648 675 921 825 861 1096 664 556 372 197 357 939 463 530 836 495 432 872 758 860 925 620 880 Wait 2398 | 2 35 10 75 4 . . 294 49 79 31 53 73 124 79 6 80 14 1 238 98 53 60 19 11 . 33 110 6 . 65 35 48 55 172 218 99 44 25 Move 21173 | 54 286 285 1136 513 165 463 722 758 736 639 244 632 853 588 79 1215 616 885 533 596 812 558 518 335 160 297 651 429 502 690 399 355 679 529 521 696 378 666 Hop . | . . . . . . . . . . . . . . . . . . . . . . . . . . . . . . . . . . . . . . . Pick Up 298 | 7 9 2 26 . 3 5 16 5 11 2 10 9 14 22 . 31 6 2 4 31 10 3 . 3 3 . 16 2 1 5 1 4 8 7 5 4 4 7 Fast Attach 298 | 6 2 . 5 . . . 11 1 4 3 4 6 15 16 1 48 2 5 . 9 10 9 2 5 11 3 21 1 3 11 4 5 14 11 13 4 12 21 Attach 149 | 1 1 . 5 1 . 1 5 5 3 1 8 5 12 22 1 9 3 2 1 9 10 1 . . 3 . 12 1 . 1 . 2 1 2 . 1 14 6 Detach 102 | . . . 1 . . . 2 2 . . 1 3 6 8 . 14 1 3 . 9 4 5 . . 3 . 6 1 . 7 . 1 3 2 3 . 9 8 Swap 470 | . 4 . 15 6 4 4 13 19 20 15 9 21 11 8 3 29 10 7 21 28 19 10 8 4 1 11 23 13 12 11 17 8 15 5 22 18 4 22 Drop 399 | . 7 . 26 . 1 . 18 8 15 8 2 19 17 11 . 56 5 5 4 17 11 8 2 8 12 3 23 1 4 17 6 5 20 17 17 7 4 15 Fire 1599 | 4 31 11 83 15 . 8 44 92 51 65 32 97 101 76 15 150 17 2 11 61 107 9 7 6 4 9 77 9 8 21 23 1 56 6 44 69 94 83 Melee 136 | . . . . . . . 2 1 4 15 2 11 . 13 . 7 1 9 5 3 5 . . . . 1 . . . . . 3 21 6 6 . 3 18 Ram 9 | . . . . . . . . . . . . . . . . . . . . . . . . . . . . . . . . . . . . . . 9 Kick . | . . . . . . . . . . . . . . . . . . . . . . . . . . . . . . . . . . . . . . . Crush 48 | . . 1 8 1 . 2 7 . 1 1 3 5 11 7 . 1 . . . . . . . . . . . . . . . . . . . . . . Escape Stasis 101 | . . . . . . . . 4 . 20 . 6 . . . 8 . . 8 . 55 . . . . . . . . . . . . . . . . . Rewire 73 | . . . . . . . . 15 . 16 . 11 . . . . . . . . . 1 . . . . . . . . 10 . . 1 . 19 . . Trap 73 | . . . 13 . . . . . . . 56 . . 4 . . . . . . . . . . . . . . . . . . . . . . . . Miscellaneous 114 | . . . . . . . . 17 . 8 . 8 . . . . . . . . . . . . . . . . . 8 . . . . 11 8 54 . Route ------- -11/Scrapyard -10/Materials (discovered 2 exits: *Mat / [*Min]) -10/Mines (discovered 2 exits: *Mat x2) -9/Materials (discovered 5 exits: *Mat x3 / *Min x2) -9/Mines (discovered 3 exits: *Mat x2 / *Exi) -9/Exiles -8/Mines (discovered 2 exits: *Mat x2) -8/Materials (discovered 5 exits: *Fac x2 / *Sto x2 / Gar) -8/Garrison (discovered 3 exits: *Mat x3) -8/Materials (discovered 4 exits: *Fac x2 / *Sto / Gar) -8/Garrison (discovered 3 exits: *Fac x3) -7/Factory (discovered 2 exits: *Fac / Gar) -7/Garrison (discovered 3 exits: *Fac x3) -7/Factory -6/Factory -6/Waste -6/Factory (discovered 6 exits: *Fac x2 / *Low x2 / *Ext x2) -6/Lower Caves (discovered 2 exits: [*Low] / *Zio) -6/Zion -5/Proximity Caves -5/Factory (discovered 3 exits: *Fac x2 / Gar) -5/Garrison (discovered 4 exits: *Fac x3 / *Fac) -5/Factory (discovered 3 exits: *Fac / *Upp x2) -5/Upper Caves -5/Upper Caves -5/Zhirov -4/Proximity Caves -4/Factory (discovered 2 exits: *Res / *Upp) -4/Upper Caves -4/Upper Caves -4/Warlord -3/Proximity Caves -3/Research (discovered 2 exits: Res / *Qua) -3/Quarantine -2/Research -2/Testing -2/Garrison (discovered 3 exits: *Acc x3) -1/Access -1/Command History --------- Turn | Location | Event 6 | -11/Scrapyard | Discovered new exit (range 15) 116 | -11/Scrapyard | Entered Materials 240 | -10/Materials | Repaired Lgt. Armor Plating 313 | -10/Materials | Build established: Mutant 540 | -10/Materials | Discovered new exit (range 13) 659 | -10/Materials | Discovered new exit (range 6) 723 | -10/Materials | Entered Mines 724 | -10/Mines | Assembled infested the area 729 | -10/Mines | Assisted by a Guerilla fighting off Assembled 891 | -10/Mines | Met a Derelict testing a Signal Generator 905 | -10/Mines | Found Signal Generator 1119 | -10/Mines | Discovered new exit (range 12) 1162 | -10/Mines | Discovered new exit (range 10) 1226 | -10/Mines | Entered Materials 1226 | -9/Materials | Accompanied by 1 ally 1226 | -9/Materials | Evolved 2 slots: Propulsion x1, Utility x1 1231 | -9/Materials | Led the pair of lost Derelicts to an unsafe place 1550 | -9/Materials | Discovered new exit (range 13) 2085 | -9/Materials | Discovered new exit (range 16) 2289 | -9/Materials | Discovered new exit (range 10) 2343 | -9/Materials | Identified exit to Mines 2763 | -9/Materials | Repaired Lgt. Treads+ 2977 | -9/Materials | Discovered new exit (range 5) 3451 | -9/Materials | Repaired Imp. Light Armor Plating 3517 | -9/Materials | Entered Mines 3539 | -9/Mines | Discovered new exit (range 6) 3567 | -9/Mines | Learned location of 1 exit from Materials 3569 | -9/Mines | Discovered new exit (range 13) 3655 | -9/Mines | Deemed a non-threat by the Exiles lab entrance 3655 | -9/Mines | Discovered new exit (range 5) 3759 | -9/Mines | Escorted by a lone wolf Derelict 4595 | -9/Mines | Entered Exiles 4595 | -9/Exiles | Found Exiles lab abandoned 4595 | -9/Exiles | Accompanied by 1 ally 4909 | -9/Exiles | Discovered new exit (range 14) 4935 | -9/Exiles | Entered Mines 5185 | -8/Mines | Discovered new exit (range 16) 5309 | -8/Mines | Discovered new exit (range 15) 5917 | -8/Mines | Entered Materials 5917 | -8/Materials | Evolved 2 slots: Utility x1, Weapon x1 5918 | -8/Materials | Identified exit to Storage 6055 | -8/Materials | Central database locked down 6243 | -8/Materials | Discovered new exit (range 15) 6292 | -8/Materials | Build established: Scavenger-Gunner 6692 | -8/Materials | Repaired Imp. Light Armor Plating 6719 | -8/Materials | Repaired Lgt. Treads+ 6746 | -8/Materials | Repaired Lgt. Treads+ 6965 | -8/Materials | Repaired Imp. Light Armor Plating 7149 | -8/Materials | Build established: Scavenger-Tank 7352 | -8/Materials | Discovered exit to Storage (range 4) 7364 | -8/Materials | Discovered new exit (range 12) 7593 | -8/Materials | Garrison activated, responded to threat 7683 | -8/Materials | Identified exit to Garrison 7872 | -8/Materials | Entered Garrison 7872 | -8/Garrison | Accompanied by 1 ally 7930 | -8/Garrison | Rescued a captive Derelict 7930 | -8/Garrison | Rescued a captive Derelict 8044 | -8/Garrison | Phase Generator disabled 8110 | -8/Garrison | Triggered checkpoint 8246 | -8/Garrison | Triggered checkpoint 8256 | -8/Garrison | Garrison Relay disabled 8332 | -8/Garrison | Triggered checkpoint 8429 | -8/Garrison | Discovered new exit (range 7) 8548 | -8/Garrison | Triggered checkpoint 8609 | -8/Garrison | Garrison Relay disabled 8740 | -8/Garrison | Triggered checkpoint 8806 | -8/Garrison | Triggered checkpoint 8840 | -8/Garrison | Garrison Relay disabled 8970 | -8/Garrison | Garrison Relay disabled 8988 | -8/Garrison | Triggered checkpoint 8995 | -8/Garrison | Discovered new exit (range 13) 9124 | -8/Garrison | Triggered checkpoint 9414 | -8/Garrison | Triggered checkpoint 9474 | -8/Garrison | Garrison Relay disabled 9506 | -8/Garrison | Discovered new exit (range 11) 9584 | -8/Garrison | Triggered checkpoint 9824 | -8/Garrison | Entered Materials 9824 | -8/Materials | Accompanied by 1 ally 10553 | -8/Materials | Discovered new exit (range 6) 10569 | -8/Materials | Discovered exit to Storage (range 16) 11380 | -8/Materials | Discovered new exit (range 12) 11429 | -8/Materials | Build established: Tank 11446 | -8/Materials | Repaired Imp. Light Armor Plating 11514 | -8/Materials | Identified exit to Garrison 11643 | -8/Materials | Entered Garrison 11643 | -8/Garrison | Accompanied by 1 ally 11695 | -8/Garrison | Triggered checkpoint 11987 | -8/Garrison | Garrison Relay disabled 12087 | -8/Garrison | Triggered checkpoint 12095 | -8/Garrison | Triggered checkpoint 12171 | -8/Garrison | Triggered checkpoint 12203 | -8/Garrison | Build established: Scavenger-Tank 12227 | -8/Garrison | Triggered checkpoint 12389 | -8/Garrison | Discovered new exit (range 11) 12471 | -8/Garrison | Triggered checkpoint 12491 | -8/Garrison | Garrison Relay disabled 12777 | -8/Garrison | Discovered new exit (range 14) 12811 | -8/Garrison | Learned Factory security intel 12982 | -8/Garrison | Garrison Relay disabled 13133 | -8/Garrison | Discovered new exit (range 14) 13165 | -8/Garrison | Triggered checkpoint 13214 | -8/Garrison | Rescued a captive Derelict 13276 | -8/Garrison | Garrison Relay disabled 13374 | -8/Garrison | Entered Factory 13374 | -7/Factory | Accompanied by 1 ally 13374 | -7/Factory | Evolved 2 slots: Propulsion x1, Weapon x1 13567 | -7/Factory | Discovered new exit (range 11) 13822 | -7/Factory | Garrison activated, responded to threat 14008 | -7/Factory | Lost 5 parts (2n2u1w) 14132 | -7/Factory | Identified exit to Garrison 14150 | -7/Factory | Entered Garrison 14150 | -7/Garrison | Accompanied by 1 ally 14251 | -7/Garrison | Build established: Tank 14497 | -7/Garrison | Triggered checkpoint 14552 | -7/Garrison | Garrison Relay disabled 14628 | -7/Garrison | Triggered checkpoint 14885 | -7/Garrison | Discovered new exit (range 12) 15002 | -7/Garrison | Triggered checkpoint 15099 | -7/Garrison | Build established: Scavenger-Tank 15139 | -7/Garrison | Garrison Relay disabled 15233 | -7/Garrison | Triggered checkpoint 15261 | -7/Garrison | Triggered checkpoint 15289 | -7/Garrison | Triggered checkpoint 15366 | -7/Garrison | Triggered checkpoint 15420 | -7/Garrison | Garrison Relay disabled 15512 | -7/Garrison | Discovered new exit (range 15) 15691 | -7/Garrison | System corruption reached 10% 15692 | -7/Garrison | Garrison Relay disabled 15707 | -7/Garrison | Garrison Relay disabled 15708 | -7/Garrison | Garrison Relay disabled 15802 | -7/Garrison | Triggered checkpoint 15853 | -7/Garrison | Garrison Relay disabled 15944 | -7/Garrison | Discovered new exit (range 12) 15976 | -7/Garrison | Entered Factory 15976 | -7/Factory | Accompanied by 1 ally 16776 | -7/Factory | First assault squad dispatched 17178 | -7/Factory | Build established: Scientist-Tank 17208 | -7/Factory | Fabricated L-31 Rogue? 17377 | -7/Factory | Garrison activated, responded to threat 18088 | -7/Factory | Core integrity fell below 50% 18106 | -7/Factory | High security lockdown imminent 18186 | -7/Factory | High security lockdown engaged 18218 | -7/Factory | Discovered new exit (range 9) 18258 | -7/Factory | Entered another Factory area 18258 | -6/Factory | Evolved 2 slots: Utility x2 18279 | -6/Factory | Lost 3 parts (1p1u1w) 18411 | -6/Factory | Fabricated Imp. Heavy Siege Treads (x1) 18529 | -6/Factory | Build established: Mutant 18958 | -6/Factory | First assault squad dispatched 19295 | -6/Factory | Cargo convoy interrupted 19321 | -6/Factory | Found Prototype Launcher 19321 | -6/Factory | Identified Rocket Array 19326 | -6/Factory | Found Rocket Array 19560 | -6/Factory | Crushed by falling debris 19591 | -6/Factory | Lost 6 parts (3n2u1w) 19755 | -6/Factory | Manually triggered Chute Trap 19755 | -6/Factory | Sucked down chute 19755 | -6/Factory | Entered Waste 19767 | -6/Waste | Spotted C-40 Crusher 19770 | -6/Waste | EMP discharged 19770 | -6/Waste | System corruption reached 10% 19779 | -6/Waste | Destroyed C-40 Crusher 19816 | -6/Waste | Spotted C-40 Crusher 19819 | -6/Waste | Spotted C-40 Crusher 19825 | -6/Waste | Destroyed C-40 Crusher 19828 | -6/Waste | Spotted C-40 Crusher 19828 | -6/Waste | Destroyed C-40 Crusher 19831 | -6/Waste | Destroyed C-40 Crusher 19834 | -6/Waste | Spotted C-40 Crusher 19839 | -6/Waste | Spotted C-40 Crusher 19852 | -6/Waste | Crushed by Compactor (1 part destroyed, 1 dropped) 19854 | -6/Waste | Destroyed C-40 Crusher 19870 | -6/Waste | EMP discharged 19883 | -6/Waste | Lost 3 parts (1n1u1w) 19887 | -6/Waste | Destroyed C-40 Crusher 19923 | -6/Waste | Discovered new exit (range 10) 19939 | -6/Waste | Entered Factory 20290 | -6/Factory | Spotted B-75 Beast 20543 | -6/Factory | Core integrity fell below 50% 21027 | -6/Factory | Build established: Scientist-Gunner 21124 | -6/Factory | Discovered new exit (range 17) 21341 | -6/Factory | Build established: Scavenger-Gunner 22136 | -6/Factory | Garrison activated, responded to threat 22231 | -6/Factory | Discovered new exit (range 20) 22231 | -6/Factory | Discovered new exit (range 22) 22237 | -6/Factory | Found Prototype Processor 22237 | -6/Factory | Identified Exp. Targeting Computer 22247 | -6/Factory | Garrison activated, responded to threat 22277 | -6/Factory | Lost 3 parts (3n) 22369 | -6/Factory | Identified exit to Factory 22692 | -6/Factory | Identified exit to Lower Caves 22692 | -6/Factory | Identified exit to Extension 22739 | -6/Factory | First assault squad dispatched 22779 | -6/Factory | Garrison activated, responded to threat 22918 | -6/Factory | Entered Lower Caves 22933 | -6/Lower Caves | Met a Warlord Commander 22934 | -6/Lower Caves | Learned location of Warlord (-4) 22935 | -6/Lower Caves | Warlord Commander delivered Encrypted Comm Array 22940 | -6/Lower Caves | Found Encrypted Comm Array 23300 | -6/Lower Caves | Core integrity fell below 20% 23357 | -6/Lower Caves | A Derelict revealed a hidden shortcut to a safe place 23441 | -6/Lower Caves | Found Alien Artifact 23441 | -6/Lower Caves | Identified Core Expander 23441 | -6/Lower Caves | Installed Core Expander, added new Weapon slot 23471 | -6/Lower Caves | Learned Factory interactive machine intel 23501 | -6/Lower Caves | Build established: Skirmisher 23523 | -6/Lower Caves | Learned Factory garrison access intel 23704 | -6/Lower Caves | Discovered new exit (range 11) 24005 | -6/Lower Caves | Identified exit to Zion 24009 | -6/Lower Caves | Entered Zion 24053 | -6/Zion | System corruption cleaned by Quarantine Array 24306 | -6/Zion | Discovered new exit (range 17) 24393 | -6/Zion | Build established: Assassin 24709 | -6/Zion | Learned location of Armory (-3) 24793 | -6/Zion | Given the Hacking Drone Bay 24793 | -6/Zion | Found Prototype Device 24794 | -6/Zion | Identified Hacking Drone Bay 24851 | -6/Zion | Met Imprinter 24930 | -6/Zion | Build established: Gunner 25446 | -6/Zion | Attacked by Zionites 25454 | -6/Zion | Found Prototype Energy Gun 25465 | -6/Zion | Identified exit to Proximity Caves 25468 | -6/Zion | Entered Proximity Caves 25468 | -5/Proximity Caves | Identified D4-RBY's Behemoth Befriender 26274 | -5/Proximity Caves | Learned Factory terminal intel 26654 | -5/Proximity Caves | Entered Factory 26654 | -5/Factory | Evolved 2 slots: Power x1, Propulsion x1 26655 | -5/Factory | Loaded intel: 53 interactive machine locations 26656 | -5/Factory | Loaded intel: 25 terminal locations 26657 | -5/Factory | Loaded intel: 4 garrison access locations 26727 | -5/Factory | Repaired Huge Storage Unit 26784 | -5/Factory | Discovered new exit (range 4) 26812 | -5/Factory | Identified exit to Factory 26941 | -5/Factory | Build established: Scavenger-Gunner 27385 | -5/Factory | Destroyed 7 combat bots 27438 | -5/Factory | Repaired Coil Gun? 27854 | -5/Factory | First assault squad dispatched 27918 | -5/Factory | Discovered exit to Factory (range 2) 27952 | -5/Factory | Spotted B-75 Beast 27997 | -5/Factory | Rewired B-75 Beast 28059 | -5/Factory | Identified exit to Garrison 28064 | -5/Factory | Entered Garrison 28064 | -5/Garrison | Accompanied by 1 ally 28274 | -5/Garrison | Triggered checkpoint 28325 | -5/Garrison | Garrison Relay disabled 28455 | -5/Garrison | Destroyed 7 combat bots 28538 | -5/Garrison | Triggered checkpoint 28538 | -5/Garrison | Triggered checkpoint 28565 | -5/Garrison | Destroyed 9 combat bots 28588 | -5/Garrison | Lost 4 parts (2n1u1w) 28638 | -5/Garrison | Triggered checkpoint 28701 | -5/Garrison | Garrison Relay disabled 28766 | -5/Garrison | Triggered checkpoint 28798 | -5/Garrison | Discovered exit to Factory (range 15) 29064 | -5/Garrison | Build established: Scavenger-Tank 29228 | -5/Garrison | Triggered checkpoint 29308 | -5/Garrison | Garrison Relay disabled 29387 | -5/Garrison | Build established: Scavenger-Gunner 29414 | -5/Garrison | Triggered checkpoint 29463 | -5/Garrison | Garrison Relay disabled 29498 | -5/Garrison | Discovered exit to Factory (range 30) 29498 | -5/Garrison | Discovered exit to Factory (range 70) 29498 | -5/Garrison | Discovered exit to Factory (range 26) 29498 | -5/Garrison | Discovered new exit (range 42) 29834 | -5/Garrison | Triggered checkpoint 29929 | -5/Garrison | Entered Factory 30155 | -5/Factory | Allied Derelicts emerged from ambush trap array 30244 | -5/Factory | Joined by Warlord Chimera squad 30345 | -5/Factory | Discovered exit to Factory (range 9) 30375 | -5/Factory | Allied Derelicts emerged from ambush trap array 30647 | -5/Factory | Identified exit to Upper Caves 30860 | -5/Factory | Entered Upper Caves 31018 | -5/Upper Caves | Encountered a Warlord checkpoint 31079 | -5/Upper Caves | Attracted the attention of an 0b10 checkpoint 31471 | -5/Upper Caves | Build established: Scavenger-Skirmisher 31490 | -5/Upper Caves | Discovered new exit (range 10) 31561 | -5/Upper Caves | Identified exit to Upper Caves 31645 | -5/Upper Caves | Entered another Upper Caves area 31924 | -5/Upper Caves | Learned 4 Factory zone layouts 31925 | -5/Upper Caves | Learned 12 Factory zone layouts 32113 | -5/Upper Caves | Discovered new exit (range 13) 32144 | -5/Upper Caves | Identified exit to Zhirov 32167 | -5/Upper Caves | Entered Zhirov 32167 | -5/Zhirov | Discovered new exit (range 3) 32169 | -5/Zhirov | Identified exit to Proximity Caves 32194 | -5/Zhirov | Met Zhirov 32228 | -5/Zhirov | Learned location of Quarantine (-3) 32228 | -5/Zhirov | Learned location of Testing (-2) 32228 | -5/Zhirov | Learned location of Command (-1) 32236 | -5/Zhirov | Zhirov requested help retrieving the SGEMP Prototype 32255 | -5/Zhirov | Found Alien Artifact 32255 | -5/Zhirov | Identified Integrated Dissipator 32255 | -5/Zhirov | Installed Integrated Dissipator, increased core heat dissipation (+20) 32336 | -5/Zhirov | Found Alien Artifact 32405 | -5/Zhirov | Entered Proximity Caves 32770 | -4/Proximity Caves | Spotted B-86 Titan 32822 | -4/Proximity Caves | Rewired B-86 Titan 32919 | -4/Proximity Caves | Entered Factory 32919 | -4/Factory | Accompanied by 1 ally 32919 | -4/Factory | Evolved 2 slots: Propulsion x1, Utility x1 32920 | -4/Factory | Identified exit to Upper Caves 33073 | -4/Factory | Watched by a mysterious "MATRIX" hacker 33094 | -4/Factory | Build established: Scavenger-Gunner 33095 | -4/Factory | Repaired Arm. Huge Wheel 33668 | -4/Factory | Build established: Scavenger-Tank 33788 | -4/Factory | Fabricated E-15 Imp? 33837 | -4/Factory | Discovered new exit (range 10) 33879 | -4/Factory | Specialist reinforcements revealed to be Infiltrators 33887 | -4/Factory | Identified exit to Research 33919 | -4/Factory | First assault squad dispatched 33945 | -4/Factory | Lost 4 allies 34024 | -4/Factory | Lost 3 parts (1p1n1w) 34400 | -4/Factory | Entered Upper Caves 34929 | -4/Upper Caves | Discovered new exit (range 14) 34939 | -4/Upper Caves | Learned 8 Research zone layouts 35076 | -4/Upper Caves | Identified exit to Upper Caves 35079 | -4/Upper Caves | Entered another Upper Caves area 35080 | -4/Upper Caves | Identified exit to Warlord 35857 | -4/Upper Caves | Entered Warlord 35906 | -4/Warlord | System corruption cleaned by Quarantine Array 36544 | -4/Warlord | Found Prototype Reactor 36544 | -4/Warlord | Identified Vortex Chain Reactor 36554 | -4/Warlord | Found Prototype Device 36554 | -4/Warlord | Identified Exp. Cloaking Device 36563 | -4/Warlord | Found Prototype Device 36563 | -4/Warlord | Identified Exp. Focal Shield 36573 | -4/Warlord | Found Prototype Hackware 36604 | -4/Warlord | Met Warlord 36629 | -4/Warlord | Warlord's base attacked by MAIN.C 36809 | -4/Warlord | Met EX-DEC 36816 | -4/Warlord | Found Prototype Energy Cannon 36835 | -4/Warlord | Build established: Scavenger-Skirmisher 36979 | -4/Warlord | Warlord forces counterattacked 37063 | -4/Warlord | Opened side exit 37099 | -4/Warlord | Discovered new exit (range 10) 37110 | -4/Warlord | Identified exit to Proximity Caves 37117 | -4/Warlord | Entered Proximity Caves 37117 | -3/Proximity Caves | Accompanied by 5 allies 37120 | -3/Proximity Caves | Lost 6 allies 37300 | -3/Proximity Caves | Spotted B-86 Titan 37313 | -3/Proximity Caves | Rewired B-86 Titan 37398 | -3/Proximity Caves | Attracted the attention of an 0b10 outpost 37737 | -3/Proximity Caves | Discovered exit to Research (range 4) 37847 | -3/Proximity Caves | Destroyed Titan 8a 37943 | -3/Proximity Caves | Entered Research 37943 | -3/Research | Accompanied by 7 allies 37943 | -3/Research | Evolved 2 slots: Utility x2 37979 | -3/Research | Identified exit to Research 38154 | -3/Research | Build established: Commander-Tank 38180 | -3/Research | Identified System Mapper 38263 | -3/Research | Identified BFG-9k Vortex Edition 38430 | -3/Research | Found Prototype Processor 38436 | -3/Research | Identified exit to Quarantine 38485 | -3/Research | Identified Exp. Target Analyzer 38504 | -3/Research | Found Prototype Processor 38539 | -3/Research | Identified Exp. Signal Interpreter 38606 | -3/Research | Entered Quarantine 38606 | -3/Quarantine | Accompanied by 4 allies 38636 | -3/Quarantine | Cryocooling Duct disabled 38651 | -3/Quarantine | Ambient heat levels rising (+20) 38651 | -3/Quarantine | Non-combat units ordered to evacuate 38728 | -3/Quarantine | Build established: Scavenger-Tank 38936 | -3/Quarantine | Found Alien Slashing Weapon 38936 | -3/Quarantine | Identified Sigix Broadsword 39364 | -3/Quarantine | Found Alien Artifact 39799 | -3/Quarantine | Build established: Scientist-Tank 40088 | -3/Quarantine | Entered Research 40088 | -2/Research | Warlord forces began assault on 0b10 40088 | -2/Research | Evolved 2 slots: Power x1, Utility x1 40113 | -2/Research | Distinguished unit "Golden Rifle" dispatched to help 40113 | -2/Research | Distinguished unit "Knights of the Pentagonal Table" dispatched to help 40142 | -2/Research | Met up with Warlord 40184 | -2/Research | Discovered new exit (range 16) 40198 | -2/Research | Research machine network offline 40208 | -2/Research | Identified exit to Testing 40768 | -2/Research | Borebot progress halted 40838 | -2/Research | Borebot progress halted 40842 | -2/Research | Spotted Striker 40844 | -2/Research | Spotted Striker 40874 | -2/Research | Found Prototype Device 40896 | -2/Research | Build established: Tank 40924 | -2/Research | Identified Exp. Shock Absorption System 40991 | -2/Research | Lost 11 allies 41088 | -2/Research | Warlord invited to help at Command 41088 | -2/Research | Given Cave Seal Controls access code 41146 | -2/Research | Found Exp. Core Analyzer 41151 | -2/Research | Found Prototype Device 41151 | -2/Research | Identified Adv. Kinecellerator 41207 | -2/Research | Entered Testing 41245 | -2/Testing | Scanned by Researcher 41274 | -2/Testing | Found Prototype Protection 41274 | -2/Testing | Identified SHELL Armor 41399 | -2/Testing | Found Prototype Ballistic Gun 41399 | -2/Testing | Identified Hyp. Multirail 41498 | -2/Testing | Destroyed 7 combat bots 42136 | -2/Testing | Found System Mapper 42441 | -2/Testing | Found Prototype Launcher 42441 | -2/Testing | Identified Tactical Quantum Warhead 42462 | -2/Testing | Identified exit to Garrison 42462 | -2/Testing | Entered Garrison 42505 | -2/Garrison | Garrison Relay disabled 42596 | -2/Garrison | Triggered checkpoint 42636 | -2/Garrison | Garrison Relay disabled 42728 | -2/Garrison | Build established: Hacker-Tank 42766 | -2/Garrison | Spotted B-90 Cyclops 42783 | -2/Garrison | Rewired B-90 Cyclops 42789 | -2/Garrison | Triggered checkpoint 42818 | -2/Garrison | Triggered checkpoint 42820 | -2/Garrison | Triggered checkpoint 42857 | -2/Garrison | Destroyed 13 combat bots 42892 | -2/Garrison | Discovered new exit (range 11) 42968 | -2/Garrison | Triggered checkpoint 43008 | -2/Garrison | Garrison Relay disabled 43212 | -2/Garrison | Rescued a captive Derelict 43212 | -2/Garrison | Rescued a captive Derelict 43273 | -2/Garrison | Discovered new exit (range 43) 43273 | -2/Garrison | Discovered new exit (range 26) 43273 | -2/Garrison | Discovered new exit (range 33) 43488 | -2/Garrison | Rewired Executioner 43554 | -2/Garrison | Triggered checkpoint 43591 | -2/Garrison | Garrison Relay disabled 43648 | -2/Garrison | Identified exit to Access 43663 | -2/Garrison | Attempted to access garrison exit controls, blocked by remote lockdown 43794 | -2/Garrison | Attempted to access garrison exit controls, blocked by remote lockdown 43939 | -2/Garrison | Entered Access 43939 | -1/Access | Accompanied by 3 allies 43939 | -1/Access | Evolved 2 slots: Utility x1, Weapon x1 44178 | -1/Access | Identified exit to Command 44189 | -1/Access | First assault squad dispatched 44341 | -1/Access | Lost 7 allies 44519 | -1/Access | Garrison activated, responded to threat 44634 | -1/Access | High security lockdown imminent 44662 | -1/Access | Lost 11 parts (3p3n3u2w) 44714 | -1/Access | High security lockdown engaged 44879 | -1/Access | Build established: Scavenger-Gunner 45045 | -1/Access | Entered Command 45545 | -1/Command | First assault squad dispatched 45750 | -1/Command | Destroyed 11 combat bots 46120 | -1/Command | System corruption reached 10% 46214 | -1/Command | High security lockdown imminent 46242 | -1/Command | Destroyed 11 combat bots 46294 | -1/Command | High security lockdown engaged 46310 | -1/Command | Released all parts (19) 46324 | -1/Command | Core integrity fell below 50% 46333 | -1/Command | Core integrity fell below 20% 46336 | -1/Command | Destroyed by G-73 Enforcer with Phase Gun Last Messages --------------- 46310_ Released KE Penetrator+. 46310_ Released Adv. Hacking Suite. 46310_ Released Adv. Target Analyzer. 46310_ Released Graphene Brace. 46310_ Released KE Penetrator+. 46310_ Released Wheel. 46310_ Released KE Penetrator+. 46310_ Slammed into G-73 Enforcer. 46311_ Acquired 69 matter. 46311_ Slammed into G-73 Enforcer. 46312_ System corrupted: Matter fused (-6). 46312_ Slammed into G-73 Enforcer. 46314_ ALERT: Assault forces dispatched. 46314_ Critical hit (Burn: +37). 46321_ P-80 Master resets G-73 Enforcer, system corruption cleaned. 46322_ Slammed into G-73 Enforcer. 46325_ Acquired 12 matter. 46328_ VCO,50P1HLOL,A,R<0XGV1BPO 46329_ Slammed into G-73 Enforcer. Map ----- +----------------------------------------------------+ | ?????????????????????????????????????????????????? | | ?????????????????????????????????????????????????? | | ?????????????????????????????????????????????????? | | ?????????????????????????????????????????????????? | | ????#####?##############?????????????????????????? | | ????# ?? """"" #?????????????????????????? | | ????# ? ""T"" #?????????????????????????? | | ????# """" #?????????????????????????? | | ????# """" #?????????????????????????? | | ????# """" #??????##########?????????? | | ????# "" #????? #?????????? | | ????# #????? #?????????? | | ????? ????? #?????????? | | ######## ### ##[ #+####? !! #?????????? | | %% # !! #?????????? | | = * # "" ???????????? | | = = + """"????????????? | | * [ # """"????????????? | | ???#### # =# # "" ????????????? | | ??????# # ! # #? ??????????? | | ??????# # ! / !#? #?????????? | | ??????# # # ===#?? #?????????? | | ??????# # + !!|#??###########?????????? | | ??????# # !!! #####+########### #??????????? | | ??????# # !!] #!**=%g!g ; #??????????? | | ####### # !! p]!!=@]![ #########??????????? | | T""" # #! #[!==/gg% #??????????????????? | | """ # ##########|][!![[i #??????????????????? | | # #????????##########;#?????????????????? | | # #??????????????????##?????????????????? | | + #?????????????????????????????????????? | | # #?????????????????????????????????????? | | # #?????????????????????????????????????? | | ########+#+#####?????????????????????????????????? | | ??# #?????????????????????????????????? | | ??# #?????????????????????????????????? | | ??# "" """#?????????????????????????????????? | | ??#"""" """#?????????????????????????????????? | | ??#"""" R"#?????????????????????????????????? | | ### "" """#?????????????????????????????????? | | + "" #?????????????????????????????????? | | ### #?????????????????????????????????? | | ??# #?????????????????????????????????? | | ??# #?????????????????????????????????? | | ??# #?????????????????????????????????? | | ?+ #?????????????????????????????????? | | ##################???????????????????????????????? | | ! """ #???????????????????????????????? | | ""T"" #???????????????????????????????? | | "" "" """" #???????????????????????????????? | +----------------------------------------------------+ Best States ------------- Heat Dissipation 132 Coolant Potential 100 Energy Generation 75 Energy Capacity 940 Matter Stores 300 Matter Capacity 300 Sight Range 22 Robot Scan Range 16 Terrain Scan Density 110 Jamming Range 14 Additional Mass Support 6 Armor Coverage 1800 Resistance: KI 30 Resistance: TH 10 Resistance: EX 25 Weapon Shielding 66 Weapon Cycling 25 Melee Speed Boost 20 Phase Shifting 15 Evasion (%) 50 Targeting Accuracy 12 Melee Accuracy 8 Target Analysis 8 Core Analysis 8 Recoil Reduction 10 Matter Filtering 30 Kinecelleration 50 Salvage Targeting 3 Offensive Hacking 40 Item Schematics ----------------- Imp. Kinecellerator | -6/Zion | Archive Imp. Reaction Control System | -6/Zion | Archive Lgt. Fission Core | -6/Zion | Archive Variable Charge Gun | -6/Zion | Archive HERF Cannon | -6/Zion | Archive Power Amplifier | -6/Zion | Archive Imp. Particle Charger | -6/Zion | Archive Adv. Field Recycling Unit | -6/Zion | Archive Thermal Shield | -6/Zion | Archive Field Propulsion Drive | -6/Zion | Archive Focal Shield | -6/Zion | Archive Lrn. Proton Cannon | -6/Zion | Archive Imp. Medium Treads | -6/Zion | Archive Adv. Coolant Injector | -6/Zion | Archive Hvy. Mass Driver | -6/Zion | Archive Assault Drone Bay | -5/Zhirov | Free Exp. Heat Sink | -5/Zhirov | Free Exp. Optical Array | -5/Zhirov | Free Imp. Arc Thrower | -5/Zhirov | Free Biometal Heavy Treads | -3/Quarantine | Hacked Plasma Lance | -2/Testing | Archive Hvy. Dispersion Rifle | -2/Testing | Archive Com. Particle Reactor | -2/Testing | Archive Exp. Terrain Scan Processor | -2/Testing | Archive Exp. Thermal Shield | -2/Testing | Archive Exp. Power Amplifier | -2/Testing | Archive Coolant Network | -2/Testing | Archive Robot Schematics ------------------ Y-54 Guardian | -6/Zion | Archive R-06 Scavenger | -6/Zion | Archive A-15 Conveyor | -6/Zion | Archive K-01 Serf | -2/Testing | Archive R-10 Processor | -2/Testing | Archive Fabricated ------------ L-31 Rogue | x3 | -7/Factory | Preloaded Imp. Heavy Siege Treads | x1 | -6/Factory | Preloaded E-15 Imp | x2 | -4/Factory | Preloaded Repaired ---------- Lgt. Armor Plating | 43% | -10/Materials Lgt. Treads | 51% | -9/Materials Imp. Light Armor Plating | 60% | -9/Materials Imp. Light Armor Plating | 37% | -8/Materials Lgt. Treads | 22% | -8/Materials Lgt. Treads | 45% | -8/Materials Imp. Light Armor Plating | 59% | -8/Materials Imp. Light Armor Plating | 16% | -8/Materials Huge Storage Unit | 36% | -5/Factory Coil Gun | 6% | -5/Factory Arm. Huge Wheel | 42% | -4/Factory Studied --------- Lgt. Treads | -9/Materials | Hacked Hvy. Assault Rifle | -9/Materials | Hacked Com. Wheel | -8/Materials | Hacked Gauss Rifle | -8/Materials | Hacked Adv. Treads | -8/Materials | Hacked Hvy. Assault Cannon | -7/Factory | Hacked Arm. Treads | -7/Factory | Hacked Hvy. Plasma Cannon | -6/Factory | Hacked Gatling Laser | -6/Factory | Hacked Magnetic Acceleration Cannon | -6/Factory | Hacked Lgt. Fission Core | -6/Factory | Hacked KE Penetrator | -4/Factory | Hacked Hvy. Treads | -3/Research | Hacked Imp. Heavy Treads | -3/Quarantine | Hacked Micro-nuke Launcher | -3/Quarantine | Hacked Arm. Heavy Treads | -3/Quarantine | Hacked Railgun | -3/Quarantine | Hacked Com. HERF Cannon | -2/Testing | Hacked Enh. Nova Cannon | -2/Testing | Hacked Alien Tech Used ----------------- Core Expander Integrated Dissipator Sigix Broadsword Achievements -------------- None Challenges ------------ None Game ------ Seed MeleeConcussiveWyrmplate Manual? 0 Play Time 04:41:13 Cumulative 2269.1 hours Start 2026.07.15 @ 02:34:07 End 2026.07.16 @ 02:31:57 Sessions 7 Manual Loads 0 Difficulty Rogue Special Mode None Game No. 1418 Rogue 1414 Adventurer 4 Explorer 0 Win Type - Total 326 Types 244/14/27/11/4/1/6/10/5/4 Lore% 99 Gallery% 96 Achievement% 94 Wizard Run 0 Options --------- Layout 2 ASCII 0 Keyboard 1 Movement Vi Keybinds 0 Fullscreen 0 Font 24/Terminus Map View 59x48 Zoom Use 0% Tactical HUD 1 Map Filters NONE Filters NONE Steam 1 RUN: c642d2d3-19de-4261-aac9-1b6f0a1d331a